 Dungeon Crawl Stone Soup version 0.16.1-18-g436b03c (webtiles) character file.

564901 drasked the Slayer (level 26, -2/289 HPs)
             Began as a Gargoyle Berserker on Apr 29, 2015.
             Was an Elder of Trog.
             Killed from afar by an orb of fire (22 damage)
             ... with a fireball
             ... on level 5 of the Realm of Zot on Apr 30, 2015.
             The game lasted 01:47:44 (58056 turns).

drasked the Slayer (Gargoyle Berserker)            Turns: 58056, Time: 01:47:44

Health: -2/289     AC: 68    Str: 38    XL:     26   Next: 76%
Magic:  22/22      EV: 15    Int:  8    God:    Trog [****..]
Gold:   0          SH:  0    Dex:  9    Spells: 0 memorised, 25 levels left

rFire  + + .     SeeInvis .     x - +9 battleaxe (vamp)
rCold  + + .     Clarity  .     E - +2 gold dragon armour
rNeg   + + .     SustAb   .     (no shield)
rPois  ∞         Gourm    .     c - +2 helmet
rElec  +         Spirit   .     t - +3 cloak of Jiguk {rN+ Regen+ rCorr Slay-4}
rCorr  +         Warding  .     v - +2 pair of gloves
rMut   +         Stasis   .     D - +2 pair of boots
MR     ++...                    m - amulet of resist mutation
Stlth  ..........               i - +4 ring of slaying {mikee}
                                K - +6 ring of evasion

@: berserking (expiring), resistant, flying, very quick, very resistant to
hostile enchantments, extremely unstealthy
A: able to fly continuously, big wings, icy blue scales 1, rugged brown scales
1, yellow scales 1, blurry vision 1, magic resistance 1, negative energy
resistance 1, electricity resistance, unbreathing, petrification resistance, rot
immunity, AC +19
a: Stop Flying, Burn Spellbooks, Berserk, Trog's Hand, Brothers in Arms,
Renounce Religion
}: 3/15 runes: decaying, silver, gossamer


You were on level 5 of the Realm of Zot.
You worshipped Trog.
Trog was greatly pleased with you.
You were not hungry.

You visited 8 branches of the dungeon, and saw 51 of its levels.


Innate Abilities, Weirdness & Mutations

You are resistant to torment.
You are immune to poison.
You can fly continuously.
Your stone body is very resilient (AC +19).
Your wings are large and strong.
You resist negative energy.
You are resistant to electric shocks.
You can survive without breathing.
You are immune to petrification.
You are immune to rotting.
You are partially covered in icy blue scales (AC +1).
You are partially covered in rugged brown scales (AC +1, +3% HP).
You are partially covered in yellow scales (AC +2).
Scrolls take you a little longer to read.
You are resistant to hostile enchantments.


   Skills:
 + Level 25.4 Fighting
 + Level 25.2 Axes
 - Level 25.3 Armour
 - Level 1.5 Dodging


You had 25 spell levels left.
You didn't know any spells.

Inventory:

Hand weapons
 x - a +9 vampiric battleaxe (weapon)
Armour
 c - a +2 helmet (worn)
 q - a +1 plate armour of fire resistance
 r - a cursed -1 cloak
 t - the +3 cloak of Jiguk (worn) {rN+ Regen+ rCorr Slay-4}
   (You acquired it on level 3 of the Spider Nest)

   It affects your accuracy and damage with ranged weapons and melee attacks
   (-4).
   It protects you from negative energy.
   It increases your rate of regeneration.
   It protects you from acid and corrosion.
 v - a +2 pair of gloves (worn)
 B - a +0 fire dragon armour
 D - a +2 pair of boots (worn)
 E - a +2 gold dragon armour (worn)
Jewellery
 i - a +4 ring of slaying (right hand) {mikee}
 m - an amulet of resist mutation (around neck)
 u - an uncursed amulet of regeneration {unknown}
 K - a +6 ring of evasion (left hand)
 Y - an uncursed ring of protection from fire
Scrolls
 b - 3 scrolls of enchant weapon
 f - 19 scrolls of identify
 l - 8 scrolls of recharging
 n - 4 scrolls of teleportation
 p - 15 scrolls of remove curse
 y - a scroll of holy word
Potions
 a - 2 potions of resistance
 d - 9 potions of might
 g - 20 potions of curing
 h - 5 potions of cure mutation
 j - 5 potions of haste
 o - 7 potions of cancellation
 s - 8 potions of restore abilities
 C - 4 potions of heal wounds
Comestibles
 e - 22 bread rations
 H - 14 meat rations

Dungeon Overview and Level Annotations

Branches:
Dungeon (15/15)            Temple (0/1) D:6            Lair (8/8) D:9
  Swamp (5/5) Lair:4       Spider (5/5) Lair:5        Slime (0/6) Lair:6
    Orc (3/4) D:10         Vaults (5/5) D:14          Crypt (0/3) Vaults:3
 Depths (5/5) D:15            Zot (5/5) Depths:5
    Elf: Orc:3-4

Altars:
Cheibriados
Gozag
Kikubaaqudgha
Okawaru
Sif Muna
Xom
Zin
The Shining One
Beogh

Shops:
D:4 !   D:12 :   Orc:1 [   Orc:2 [   Vaults:1 [   Vaults:2 *   Vaults:3 %!*
Vaults:4 %   Vaults:5 (

Portals:
Hell: Depths:1 Depths:2 Depths:3 Depths:4 Depths:5
Abyss: Depths:1 Depths:3 Depths:4
Pandemonium: Depths:2 Depths:3 Depths:4
Ziggurat: Depths:3

Annotations:
D:8 Maurice


Message History

You hit the orb of fire.
The orb of fire is heavily damaged.
You hit the orb of fire but do no damage.
The orb of fire is heavily damaged.
The orb of fire glows bright magenta.
The fireball explodes!
The fireball engulfs you! You resist.
The fireball engulfs the orb of fire.
The orb of fire completely resists.
You hit the orb of fire.
The orb of fire is severely damaged.
You hit the orb of fire.
The orb of fire is severely damaged.
You miss the orb of fire.
The orb of fire is severely damaged.
The orb of fire emits a lurid red light.
The bolt of fire hits you! You resist.
You barely miss the orb of fire.
The orb of fire is severely damaged.
The orb of fire glows yellow.
The fireball explodes!
The fireball engulfs you! You resist.
You die...

###...................**
#..................../.**
........................*
........................*
.....^.................#*
......................#*
................?....##
..........?...........##
................@......#*
.................*......#
........................*
#......................#*
###...................##
####...............##
****##########.....##
**,,,,,,,,,,,,.......**
,,,,**,,,,,,,,,...,,,,**


You could see an orb of fire.

Vanquished Creatures
  4 orbs of fire (Zot:5)
  2 ancient liches (Zot:5)
  Boris (Depths:3)
  Margery (Depths:3)
  A curse toe (Zot:4)
  2 Killer Klowns (Zot:5)
  2 golden dragons
  A golden dragon (shapeshifter) (Vaults:4)
  Frederick (Vaults:5)
  A bone dragon (Depths:5)
  the Enchantress (Depths:5)
  3 electric golems
  18 tentacled monstrosities
  23 Orb Guardians (Zot:5)
  2 quicksilver dragons
  Asterion (Spider:5)
  4 titans
  6 sphinxes
  A Shadow Fiend (Vaults:5)
  2 octopode crushers
  A thorn hunter (Swamp:3)
  3 shadow dragons
  12 storm dragons
  6 tengu reavers
  4 draconian monks
  Wiglaf (Swamp:3)
  2 iron dragons
  An orc warlord (Vaults:5)
  7 fire giants
  4 draconian scorchers
  5 draconian knights
  12 emperor scorpions
  3 deep elf sorcerers
  A cacodemon (Depths:4)
  18 vault wardens
  7 frost giants
  2 draconian zealots
  11 ironheart preservers
  4 ghost moths
  A spectral weapon (Spider:5)
  5 draconian annihilators
  Jorgrun (Depths:5)
  5 spriggan defenders (Depths:5)
  4 draconian shifters
  A deep elf demonologist (Vaults:5)
  12 stone giants
  2 draconian callers
  15 very ugly things
  5 grey draconians
  2 war gargoyles
  A lorocyproca (Depths:1)
  5 black draconians
  4 green draconians (Zot:1)
  6 vampire knights
  2 reapers (Zot:3)
  6 rakshasas
  4 white draconians
  A deep elf annihilator (Vaults:5)
  3 purple draconians
  3 dire elephants
  3 pale draconians
  10 mottled draconians
  3 red draconians
  2 yellow draconians (Zot:5)
  An unborn (Depths:3)
  A deep elf death mage (Vaults:4)
  16 ettins
  32 vault guards
  A merfolk javelineer (Depths:4)
  9 great orbs of eyes
  Josephine (D:13)
  14 yaktaur captains
  4 minotaurs
  16 fire dragons
  11 hydras
  6 death cobs
  Fannar (Lair:5)
  6 centaur warriors
  A deep elf high priest (Vaults:5)
  5 spriggan air magi
  11 deep troll earth magi
  18 ice dragons
  8 alligators
  A catoblepas (Depths:3)
  A ghost crab (Swamp:2)
  Erica (Lair:8)
  8 deep troll shamans
  A vampire mage (Depths:2)
  2 titan zombies (Depths:3)
  A shock serpent (shapeshifter) (Vaults:5)
  3 tengu warriors
  12 death yaks
  3 spriggan berserkers
  2 storm dragon zombies
  13 ogre magi
  An orc high priest (Orc:2)
  2 soul eaters
  4 deep elf knights
  Nergalle (D:13)
  3 iron trolls (Depths:2)
  A titan skeleton (Depths:3)
  A storm dragon skeleton (Depths:3)
  2 sun demons
  17 hell knights
  21 deep trolls
  2 fire crabs
  An ice devil (Zot:5)
  A sea snake (shapeshifter) (Vaults:2)
  A death drake (Zot:1)
  5 flayed ghosts
  2 spriggan druids (Swamp:4)
  4 giant orange brains
  A torturous demonspawn (Depths:4)
  The ghost of SaintRoka the Basher, an experienced OgAs (D:5)
  14 orc knights
  An infernal demonspawn (Depths:2)
  2 deep elf summoners (Vaults:1)
  3 unseen horrors
  An ice statue (Zot:5)
  An obsidian statue (Zot:5)
  25 ironbrand convokers
  3 shambling mangroves
  Pikel (D:4)
  2 sphinx zombies (Depths:3)
  8 hill giants
  A spectral anaconda (Swamp:2)
  2 orc sorcerers
  A shadow dragon zombie (Depths:3)
  10 swamp dragons
  3 harpies (Vaults:2)
  An orb spider (shapeshifter) (Depths:1)
  9 necromancers
  48 ugly things
  3 wizards
  10 orb spiders
  8 griffons
  2 oklob plants (Depths:4)
  A frost giant zombie (Depths:3)
  6 deep elf conjurers
  2 rust devils
  18 moths of wrath
  2 worldbinders (Depths:3)
  A sphinx skeleton (Depths:3)
  4 phantasmal warriors
  9 cyclopes
  A cyclops (shapeshifter) (Depths:5)
  7 hornets
  2 fire giant skeletons
  2 iron dragon skeletons (Depths:3)
  A hornet (shapeshifter) (Depths:1)
  3 sixfirhies
  24 wolf spiders
  19 spiny frogs
  12 vault sentinels
  A guardian serpent (shapeshifter) (Vaults:4)
  4 centaur zombies
  2 black mambas
  3 human skeletons
  5 spectral swamp worms (Depths:1)
  A torpor snail (Lair:3)
  A torpor snail (shapeshifter) (Depths:3)
  A naga mage (Depths:3)
  An octopode (shapeshifter) (Depths:5)
  A yaktaur zombie (Vaults:1)
  An orange demon (Depths:4)
  Psyche (D:13)
  A kobold demonologist (Depths:4)
  12 komodo dragons
  An efreet (D:15)
  54 yaktaurs
  6 demonic crawlers
  11 fire drakes
  2 hellwings
  A blue devil (Depths:5)
  4 freezing wraiths
  7 tengu conjurers
  A tormentor (Depths:2)
  A two-headed ogre (shapeshifter) (Vaults:4)
  7 wind drakes
  6 deep elf priests
  Grinder (D:3)
  7 giant leeches
  Prince Ribbit (D:9)
  A hornet zombie (D:15)
  A polar bear (Lair:6)
  24 two-headed ogres
  7 trolls
  A fire dragon zombie (Depths:5)
  11 bog bodies
  A boulder beetle (shapeshifter) (Vaults:1)
  25 jumping spiders
  28 slime creatures
  A trapdoor spider zombie (D:14)
  33 ravens
  A jumping spider (shapeshifter) (Vaults:1)
  14 trapdoor spiders
  9 baby alligators
  16 blink frogs
  7 boulder beetles
  2 flying skulls (Depths:3)
  6 air elementals
  A snapping turtle (shapeshifter) (Vaults:5)
  2 spriggans (shapeshifter)
  8 wraiths
  23 tarantellas
  A spriggan skeleton (Depths:3)
  A vampire (Depths:2)
  6 spriggans
  5 basilisks
  38 redbacks
  9 deep elf magi
  12 water elementals
  29 yaks
  5 steam dragons
  A neqoxec (Depths:5)
  4 wyverns
  A human (D:7)
  6 mottled dragons
  A spectral raven (Swamp:2)
  6 shadows
  3 chaos spawn
  42 vampire mosquitoes
  16 wolves
  17 deep elf fighters
  12 hippogriffs
  28 swamp worms
  2 hungry ghosts (D:8)
  3 large abominations (Depths:3)
  The ghost of drasked the Chopper, an average GrBe of Trog (D:3)
  10 insubstantial wisps
  27 water moccasins
  9 porcupines
  3 sky beasts
  4 wargs
  2 black bears
  45 orc warriors
  A spider (shapeshifter) (Vaults:3)
  31 spiders
  An eye of draining (shapeshifter) (Vaults:1)
  15 ice beasts
  7 wasps
  21 swamp drakes
  2 necrophages
  3 phantoms
  A dwarf (shapeshifter) (Vaults:2)
  An orc zombie (Vaults:1)
  13 boggarts
  2 eyes of draining
  3 boring beetles
  43 ogres
  A brain worm (D:15)
  18 centaurs
  Sigmund (D:5)
  Duvessa (D:8)
  16 crocodiles
  21 giant frogs
  5 big kobolds
  Blork the orc (D:4)
  A yaktaur skeleton (Vaults:1)
  14 killer bees
  9 scorpions
  12 electric eels
  13 wights
  5 quasits
  14 hounds
  Dowan (D:8)
  9 crimson imps
  2 iron imps
  A wasp zombie (D:8)
  2 goliath beetles
  22 orc priests
  5 giant frog zombies
  14 iguanas
  A human simulacrum (Vaults:1)
  10 jellies
  2 centaur skeletons (D:6)
  4 giant frog skeletons
  34 orc wizards
  A spectral swamp drake (Swamp:2)
  13 worker ants
  11 sheep
  2 ogre zombies (Depths:1)
  Jessica (D:3)
  2 mummies
  26 adders
  A worker ant zombie (D:5)
  12 gnolls
  13 river rats
  4 giant mites
  8 shadow imps
  4 worms
  An ufetubus (Depths:2)
  An adder zombie (D:5)
  An adder skeleton (D:4)
  6 giant geckos
  12 oozes
  155 orcs
  A ball python (D:1)
  3 giant cockroaches
  17 hobgoblins
  19 jackals
  19 kobolds
  13 quokkas
  20 bats
  A giant gecko zombie (D:7)
  4 giant newts
  2 giant spores
  A gnoll zombie (D:6)
  18 goblins
  A jackal skeleton (D:6)
  A quokka skeleton (D:6)
  A quokka zombie (D:7)
  27 rats
  9 spectral orcs (D:13)
  2 ballistomycetes
  2 crawling corpses (Vaults:2)
  8 fungi
  11 plants
2394 creatures vanquished.

Vanquished Creatures (collateral kills)
  2 orbs of fire (Zot:5)
  An ancient lich (Zot:5)
  Sojobo (Depths:5)
  Mennas (Vaults:5)
  Jory (Vaults:2)
  A tentacled monstrosity (Depths:2)
  A lich (Depths:2)
  Rupert (Spider:1)
  Agnes (Swamp:3)
  A tengu reaver (Depths:5)
  2 frost giants
  The ghost of Thomus the Severer, a powerful HOFi of Okawaru (D:14)
  An emperor scorpion (Depths:1)
  A very ugly thing (Depths:1)
  2 ironheart preservers
  A stone giant (Depths:4)
  A deep elf death mage (Vaults:1)
  A fire dragon (Depths:2)
  A spriggan air mage (Depths:2)
  A death cob (Zot:5)
  14 hydras
  An alligator (Swamp:3)
  3 deep troll earth magi (Depths:1)
  2 deep troll shamans (Depths:1)
  2 death yaks
  An ogre mage (Depths:2)
  A hell knight (Depths:2)
  An iron troll (Depths:1)
  2 deep trolls (Depths:1)
  2 swamp dragons (Swamp:5)
  An ice statue (Vaults:1)
  A deep elf conjurer (Vaults:1)
  3 oklob plants
  5 orb spiders (Spider:1)
  2 ugly things (Depths:1)
  3 wolf spiders (Spider:1)
  A griffon (Vaults:4)
  A black mamba (Lair:8)
  An elephant (Lair:8)
  A polar bear (Lair:6)
  A two-headed ogre (Depths:2)
  A raven (Depths:5)
  A slime creature (Swamp:2)
  4 air elementals (Depths:5)
  A deep troll zombie (Depths:1)
  A trapdoor spider (Spider:1)
  2 redbacks (Spider:1)
  5 tarantellas (Spider:1)
  A deep elf fighter (Vaults:2)
  2 vampire mosquitoes (Swamp:5)
  A chaos spawn (Zot:5)
  3 wolves (Lair:6)
  4 swamp worms
  An insubstantial wisp (Swamp:3)
  5 swamp drakes
  A boggart (Vaults:2)
  A centaur (Depths:1)
  2 ice beasts (Vaults:1)
  A two-headed ogre zombie (Depths:1)
109 creatures vanquished.

Vanquished Creatures (others)
  A frost giant (Depths:2)
  A vault warden (Vaults:5)
  A yaktaur captain (Vaults:5)
  An iron troll (Swamp:5)
  2 deep trolls
  A moth of wrath (Zot:5)
  4 two-headed ogres
  A raven (Swamp:1)
  4 trolls
  A redback (Vaults:4)
  7 ogres
  A hound (D:4)
  2 fungi (Lair:1)
  3 plants
30 creatures vanquished.

Grand Total: 2533 creatures vanquished

Notes
Turn   | Place    | Note
--------------------------------------------------------------
     0 | D:1      | drasked, the Gargoyle Berserker, began the quest for the Orb.
     0 | D:1      | Reached XP level 1. HP: 14/14 MP: 1/1
     0 | D:1      | 0 ||| counter = 20
     8 | D:1      | 8 ||| INVOKING Berserk.
    11 | D:1      | Reached skill level 3 in Axes
   150 | D:1      | Reached XP level 2. HP: 19/19 MP: 2/2
   213 | D:1      | 213 ||| INVOKING Berserk.
   598 | D:1      | 598 ||| EATING beef jerky.
   796 | D:1      | Reached XP level 3. HP: 21/23 MP: 3/3
   974 | D:1      | 974 ||| UPGRADING to leather armour.
   984 | D:1      | 984 ||| DROPPING +0 animal skin.
   985 | D:1      | 985 ||| READING scroll labeled UHETYN FENEPHO.
   986 | D:1      | 986 ||| READING scroll labeled PHOUC CUNU TER.
   987 | D:1      | 987 ||| READING scroll labeled KHULID RO THO.
   988 | D:1      | 988 ||| READING scroll labeled STREUN UVACKUR.
   989 | D:1      | 989 ||| DRINKING 2 fizzy clear potions.
   990 | D:1      | 990 ||| DRINKING 2 metallic green potions.
   991 | D:1      | 991 ||| DRINKING 2 amethyst potions.
   991 | D:1      | Gained mutation: Your muscles are strong. (Str +2) [potion of mutation]
   991 | D:1      | Gained mutation: Your flesh is heat resistant. [potion of mutation]
   991 | D:1      | Gained mutation: You are partially covered in rugged brown scales (AC +1, +3% HP). [potion of mutation]
  1011 | D:2      | 1011 ||| STAIRDANCE
  1015 | D:1      | Acquired Trog's second power
  1332 | D:2      | Reached skill level 4 in Axes
  1585 | D:2      | 1585 ||| READING scroll of enchant weapon.
  1585 | D:2      | 1585 ||| ENCHANTING +1 hand axe.
  1681 | D:2      | 1681 ||| INVOKING Berserk.
  1712 | D:2      | 1712 ||| EATING 2 slices of pizza.
  1749 | D:2      | 1749 ||| UPGRADING to ring mail.
  1759 | D:2      | 1759 ||| DROPPING +0 leather armour.
  1760 | D:2      | 1760 ||| READING scroll labeled REWUQO BOFY.
  1761 | D:2      | 1761 ||| READING scroll labeled FRUITIOZIDE.
  1762 | D:2      | 1762 ||| READING 2 scrolls of identify.
  1762 | D:2      | 1762 ||| IDENTIFYING marble ring
  1763 | D:2      | 1763 ||| DROPPING cursed ring of teleportation.
  1764 | D:2      | 1764 ||| READING scroll of identify.
  1764 | D:2      | 1764 ||| IDENTIFYING square filigree amulet
  1765 | D:2      | 1765 ||| UPGRADING to amulet of clarity.
  1820 | D:3      | 1820 ||| STAIRDANCE
  1827 | D:2      | Reached XP level 4. HP: 25/28 MP: 4/4
  2341 | D:3      | Found a shimmering altar of Xom.
  2385 | D:3      | Noticed drasked's ghost (average GrBe)
  2390 | D:3      | 2390 ||| INVOKING Berserk.
  2397 | D:3      | Killed drasked's ghost
  2397 | D:3      | Reached skill level 5 in Axes
  2397 | D:3      | Reached XP level 5. HP: 32/32 MP: 5/5
  2458 | D:3      | Noticed Jessica
  2462 | D:3      | Reached XP level 6. HP: 38/38 MP: 6/6
  2471 | D:3      | Killed Jessica
  2471 | D:3      | Reached skill level 6 in Axes
  2608 | D:3      | Noticed Grinder
  2609 | D:3      | 2609 ||| INVOKING Trog's Hand.
  2610 | D:3      | 2610 ||| INVOKING Berserk.
  2627 | D:3      | 2627 ||| INVOKING Trog's Hand.
  2634 | D:3      | Paralysed by Grinder for 7 turns
  2639 | D:3      | HP: 1/38 [Grinder (11)]
  2641 | D:3      | 2641 ||| INVOKING Trog's Hand.
  2642 | D:3      | Killed Grinder
  2642 | D:3      | Reached skill level 7 in Axes
  2642 | D:3      | Reached XP level 7. HP: 3/42 MP: 7/7
  2884 | D:3      | 2884 ||| UPGRADING to scale mail.
  2894 | D:3      | 2894 ||| DROPPING +0 ring mail.
  2895 | D:3      | 2895 ||| UPGRADING to chain mail.
  2905 | D:3      | 2905 ||| DROPPING +0 scale mail.
  2906 | D:3      | 2906 ||| READING scroll of remove curse.
  2936 | D:4      | Noticed Pikel
  2940 | D:4      | 2940 ||| INVOKING Berserk.
  2946 | D:4      | Killed Pikel
  2946 | D:4      | Reached XP level 8. HP: 47/47 MP: 8/8
  3001 | D:4      | 3001 ||| EATING 3 fruits.
  3132 | D:4      | Reached skill level 8 in Axes
  3139 | D:4      | 3139 ||| READING scroll of enchant weapon.
  3139 | D:4      | 3139 ||| ENCHANTING +2 hand axe.
  3172 | D:4      | Found Beerphoa's Distillery.
  3396 | D:4      | Found a glowing golden altar of the Shining One.
  3409 | D:4      | 3409 ||| EATING slice of pizza.
  3458 | D:4      | Noticed Blork the orc
  3471 | D:4      | Killed Blork the orc
  3507 | D:4      | 3507 ||| UPGRADING to war axe.
  3508 | D:4      | 3508 ||| DROPPING +3 hand axe.
  3691 | D:4      | Found a glowing silver altar of Zin.
  3691 | D:4      | Found an ancient bone altar of Kikubaaqudgha.
  3994 | D:4      | 3994 ||| READING scroll labeled PLOCLE QULOONU.
  3995 | D:4      | 3995 ||| READING 2 scrolls of identify.
  3995 | D:4      | 3995 ||| IDENTIFYING runed onyx ring
  3996 | D:4      | 3996 ||| UPGRADING to +3 ring of strength.
  4010 | D:5      | Entered Level 5 of the Dungeon
  4012 | D:5      | 4012 ||| STAIRDANCE
  4022 | D:5      | 4022 ||| STAIRDANCE
  4081 | D:5      | Noticed SaintRoka's ghost (experienced OgAs)
  4087 | D:5      | 4087 ||| INVOKING Berserk.
  4106 | D:5      | Killed SaintRoka's ghost
  4106 | D:5      | Reached skill level 9 in Axes
  4106 | D:5      | Reached XP level 9. HP: 48/53 MP: 9/9
  4185 | D:5      | 4185 ||| EATING 2 fruits.
  4246 | D:5      | 4246 ||| INVOKING Berserk.
  4269 | D:5      | 4269 ||| EATING fruit.
  4330 | D:5      | 4330 ||| INVOKING Berserk.
  4332 | D:5      | Reached skill level 10 in Axes
  4523 | D:5      | 4523 ||| INVOKING Berserk.
  4532 | D:5      | 4532 ||| EATING 4 bread rations.
  4687 | D:5      | Noticed Sigmund
  4688 | D:5      | 4688 ||| INVOKING Berserk.
  4694 | D:5      | Killed Sigmund
  4896 | D:5      | 4896 ||| UPGRADING to embroidered cloak.
  4901 | D:5      | 4901 ||| UPGRADING to tiny ruby amulet.
  4903 | D:5      | 4903 ||| UPGRADING to amulet of clarity.
  4905 | D:5      | 4905 ||| DROPPING amulet of warding.
  4906 | D:5      | 4906 ||| READING scroll labeled RASCHA WURE.
  4907 | D:5      | 4907 ||| READING 2 scrolls of identify.
  4907 | D:5      | 4907 ||| IDENTIFYING sedimented purple potion
  4935 | D:6      | 4935 ||| STAIRDANCE
  4941 | D:6      | 4941 ||| STAIRDANCE
  4967 | D:6      | 4967 ||| STAIRDANCE
  5007 | D:5      | Acquired Trog's third power
  5272 | D:6      | Found a staircase to the Ecumenical Temple.
  5279 | D:6      | 5279 ||| Stepping ~*~*~tactically~*~*~ (water).
  5479 | D:6      | Reached skill level 11 in Axes
  5515 | D:6      | 5515 ||| INVOKING Berserk.
  5523 | D:6      | 5523 ||| EATING 3 bread rations.
  5908 | D:6      | 5908 ||| UPGRADING to shiny scale mail.
  5918 | D:6      | 5918 ||| UPGRADING to +0 chain mail.
  5928 | D:6      | 5928 ||| DROPPING +2 scale mail of poison resistance.
  5929 | D:6      | 5929 ||| UPGRADING to pair of gloves.
  5934 | D:6      | 5934 ||| READING scroll labeled KAITZE TUIPH.
  5935 | D:6      | 5935 ||| READING 3 scrolls of identify.
  5935 | D:6      | 5935 ||| IDENTIFYING cyan potion
  5936 | D:6      | 5936 ||| READING 2 scrolls of identify.
  5936 | D:6      | 5936 ||| IDENTIFYING sapphire potion
  6021 | D:7      | Found an iron altar of Okawaru.
  6233 | D:7      | Reached XP level 10. HP: 61/61 MP: 10/10
  6657 | D:7      | 6657 ||| INVOKING Berserk.
  6659 | D:7      | Reached skill level 6 in Fighting
  6670 | D:7      | 6670 ||| EATING 2 beef jerkies.
  6763 | D:7      | Reached skill level 12 in Axes
  6913 | D:7      | 6913 ||| UPGRADING to glowing golden ring.
  6914 | D:7      | 6914 ||| UPGRADING to garnet ring.
  6916 | D:7      | 6916 ||| REMOVING ring of wizardry.
  6917 | D:7      | 6917 ||| DROPPING ring of wizardry.
  6918 | D:7      | 6918 ||| UPGRADING to +3 ring of strength.
  6919 | D:7      | 6919 ||| READING 2 scrolls labeled RAHU SCHUGEIJI.
  6920 | D:7      | 6920 ||| READING scroll labeled BRIHEFIMEU.
  6921 | D:7      | 6921 ||| READING scroll labeled ISTEUS THRIOCOE.
  6955 | D:7      | 6955 ||| READING scroll labeled JAUHOI SIDDAI.
  6959 | D:7      | 6959 ||| DRINKING 2 inky potions.
  6981 | D:8      | 6981 ||| INVOKING Berserk.
  7004 | D:8      | 7004 ||| EATING beef jerky.
  7177 | D:8      | Noticed Duvessa
  7177 | D:8      | Noticed Dowan
  7188 | D:8      | Received a gift from Trog
  7191 | D:8      | Killed Duvessa
  7192 | D:8      | 7192 ||| INVOKING Berserk.
  7197 | D:8      | Killed Dowan
  7324 | D:8      | 7324 ||| EATING 7 slices of pizza.
  7326 | D:8      | 7326 ||| UPGRADING to runed broad axe {god gift}.
  7327 | D:8      | 7327 ||| DROPPING +0 war axe.
  7452 | D:8      | 7452 ||| INVOKING Burn Spellbooks.
  7477 | D:8      | 7477 ||| EATING 6 slices of pizza.
  7486 | D:8      | Noticed Maurice
  7607 | D:8      | 7607 ||| Invisible monster not found???
  7627 | D:8      | Found an opulent altar of Gozag.
  8344 | D:8      | 8344 ||| DRINKING 3 sedimented green potions {tried by monster}.
  8345 | D:8      | 8345 ||| DRINKING 2 brown potions.
  8361 | D:8      | 8361 ||| EATING 5 slices of pizza.
  8427 | D:9      | Reached skill level 13 in Axes
  8440 | D:9      | Found a deep blue altar of Sif Muna.
  8558 | D:9      | Reached XP level 11. HP: 59/69 MP: 11/11
  8580 | D:9      | 8580 ||| INVOKING Berserk.
  8602 | D:9      | Received a gift from Trog
  8611 | D:9      | 8611 ||| EATING 4 slices of pizza.
  8620 | D:9      | Noticed Prince Ribbit
  8630 | D:9      | Killed Prince Ribbit
  8687 | D:9      | 8687 ||| READING 5 scrolls of remove curse.
  8692 | D:9      | 8692 ||| UPGRADING to runed battleaxe {god gift}.
  8693 | D:9      | 8693 ||| DROPPING +1 broad axe of chopping.
  8694 | D:9      | Found a staircase to the Lair.
  8763 | D:9      | Reached skill level 14 in Axes
  8864 | D:9      | 8864 ||| INVOKING Berserk.
  8972 | D:9      | Found a snail-covered altar of Cheibriados.
  9397 | D:9      | 9397 ||| UPGRADING to plate armour.
  9407 | D:9      | 9407 ||| DROPPING +0 chain mail.
  9480 | Lair:1   | Entered Level 1 of the Lair of Beasts
  9481 | Lair:1   | 9481 ||| Entered L.
  9487 | Lair:1   | 9487 ||| INVOKING Berserk.
  9726 | Lair:1   | Received a gift from Trog
  9911 | Lair:1   | Noticed a five-headed hydra
  9912 | Lair:1   | 9912 ||| INVOKING Brothers in Arms.
  9914 | Lair:1   | 9914 ||| INVOKING Berserk.
  9917 | Lair:1   | Killed a seven-headed hydra
  9939 | Lair:1   | 9939 ||| EATING 3 slices of pizza.
 10228 | Lair:1   | 10228 ||| INVOKING Burn Spellbooks.
 10306 | Lair:1   | Noticed a seven-headed hydra
 10306 | Lair:1   | 10306 ||| INVOKING Brothers in Arms.
 10310 | Lair:1   | 10310 ||| INVOKING Berserk.
 10312 | Lair:1   | Killed an eight-headed hydra
 10312 | Lair:1   | Reached skill level 15 in Axes
 10495 | Lair:2   | 10495 ||| STAIRDANCE
 10646 | Lair:2   | 10646 ||| INVOKING Berserk.
 10681 | Lair:2   | 10681 ||| EATING 2 slices of pizza.
 10724 | Lair:2   | Reached XP level 12. HP: 64/75 MP: 12/12
 11281 | Lair:2   | 11281 ||| UPGRADING to tourmaline ring.
 11283 | Lair:2   | 11283 ||| UPGRADING to +3 ring of strength.
 11285 | Lair:2   | 11285 ||| DRINKING 3 glowing sapphire potions.
 11522 | Lair:3   | 11522 ||| READING scroll of enchant weapon.
 11522 | Lair:3   | 11522 ||| ENCHANTING +6 battleaxe of chopping.
 11795 | Lair:3   | 11795 ||| INVOKING Berserk.
 11802 | Lair:3   | 11802 ||| READING scroll of teleportation.
 11806 | Lair:3   | 11806 ||| EATING slice of pizza.
 11960 | Lair:3   | Noticed a death yak
 11961 | Lair:3   | 11961 ||| INVOKING Brothers in Arms.
 11963 | Lair:3   | 11963 ||| INVOKING Berserk.
 11966 | Lair:3   | Killed a death yak
 11970 | Lair:3   | Noticed a death yak
 11976 | Lair:3   | Killed a death yak
 11976 | Lair:3   | Reached skill level 16 in Axes
 11977 | Lair:3   | 11977 ||| EATING 14 fruits.
 12186 | Lair:3   | 12186 ||| INVOKING Berserk.
 12257 | Lair:3   | 12257 ||| READING 4 scrolls of identify.
 12257 | Lair:3   | 12257 ||| IDENTIFYING pink potion
 12258 | Lair:3   | 12258 ||| READING 3 scrolls of identify.
 12258 | Lair:3   | 12258 ||| IDENTIFYING viscous white potion
 12259 | Lair:3   | 12259 ||| READING 2 scrolls of identify.
 12259 | Lair:3   | 12259 ||| IDENTIFYING puce potion
 12265 | Lair:3   | 12265 ||| INVOKING Berserk.
 12282 | Lair:3   | 12282 ||| EATING 13 fruits.
 12394 | Lair:4   | Found a staircase to the Swamp.
 12409 | Lair:4   | Noticed an eight-headed hydra
 12410 | Lair:4   | 12410 ||| INVOKING Brothers in Arms.
 12412 | Lair:4   | 12412 ||| INVOKING Berserk.
 12413 | Lair:4   | Killed a nine-headed hydra
 12418 | Lair:4   | 12418 ||| EATING 12 fruits.
 12457 | Lair:4   | 12457 ||| EATING 11 fruits.
 12774 | Lair:4   | Noticed an eight-headed hydra
 12775 | Lair:4   | 12775 ||| INVOKING Brothers in Arms.
 12776 | Lair:4   | 12776 ||| INVOKING Berserk.
 12779 | Lair:4   | Killed a 11-headed hydra
 12809 | Lair:4   | 12809 ||| EATING 10 fruits.
 13251 | Lair:4   | 13251 ||| EATING 9 fruits.
 13426 | Lair:4   | 13426 ||| INVOKING Berserk.
 13434 | Lair:4   | 13434 ||| READING scroll of teleportation.
 13574 | Lair:4   | 13574 ||| INVOKING Berserk.
 13698 | Lair:4   | 13698 ||| UPGRADING to helmet.
 13703 | Lair:4   | 13703 ||| READING scroll labeled SKEPEO MUOR.
 13704 | Lair:4   | 13704 ||| READING 4 scrolls of identify.
 13704 | Lair:4   | 13704 ||| IDENTIFYING red potion
 13705 | Lair:4   | 13705 ||| READING 3 scrolls of identify.
 13705 | Lair:4   | 13705 ||| IDENTIFYING emerald potion
 13706 | Lair:4   | 13706 ||| READING 2 scrolls of identify.
 13706 | Lair:4   | 13706 ||| IDENTIFYING blue potion
 13741 | Lair:5   | Noticed Fannar
 13775 | Lair:5   | Killed Fannar
 13805 | Lair:5   | Reached XP level 13. HP: 79/82 MP: 13/13
 13829 | Lair:5   | Reached skill level 17 in Axes
 13906 | Lair:5   | 13906 ||| Stepping ~*~*~tactically~*~*~ (water).
 14010 | Lair:5   | Received a gift from Trog
 14027 | Lair:5   | Found a hole to the Spider Nest.
 14398 | Lair:5   | 14398 ||| EATING 15 fruits.
 14509 | Lair:5   | 14509 ||| READING 2 scrolls of identify.
 14509 | Lair:5   | 14509 ||| IDENTIFYING grey potion
 14637 | Lair:6   | 14637 ||| INVOKING Berserk.
 14644 | Lair:6   | 14644 ||| EATING 14 fruits.
 14673 | Lair:6   | 14673 ||| EATING 13 fruits.
 14678 | Lair:6   | 14678 ||| INVOKING Brothers in Arms.
 14681 | Lair:6   | 14681 ||| INVOKING Berserk.
 14702 | Lair:6   | 14702 ||| EATING 12 fruits.
 14965 | Lair:6   | Found a staircase to the Slime Pits.
 15071 | Lair:6   | 15071 ||| Stepping ~*~*~tactically~*~*~ (water).
 15218 | Lair:6   | 15218 ||| INVOKING Brothers in Arms.
 15220 | Lair:6   | 15220 ||| INVOKING Berserk.
 15230 | Lair:6   | 15230 ||| EATING 11 fruits.
 15448 | Lair:6   | 15448 ||| INVOKING Burn Spellbooks.
 15653 | Lair:6   | 15653 ||| READING scroll labeled SAZEMN IGEWITA.
 15734 | Lair:7   | Reached skill level 6 in Armour
 15783 | Lair:7   | Received a gift from Trog
 15783 | Lair:7   | Reached skill level 9 in Fighting
 15993 | Lair:7   | Reached skill level 18 in Axes
 16240 | Lair:7   | 16240 ||| EATING 14 fruits.
 16294 | Lair:7   | 16294 ||| INVOKING Burn Spellbooks.
 16385 | Lair:7   | 16385 ||| Stepping ~*~*~tactically~*~*~ (water).
 16655 | Lair:8   | Entered Level 8 of the Lair of Beasts
 16731 | Lair:8   | 16731 ||| INVOKING Brothers in Arms.
 16733 | Lair:8   | 16733 ||| INVOKING Berserk.
 16832 | Lair:8   | Noticed Erica
 16835 | Lair:8   | 16835 ||| INVOKING Berserk.
 16840 | Lair:8   | Killed Erica
 16888 | Lair:8   | 16888 ||| EATING 13 fruits.
 17016 | Lair:8   | Received a gift from Trog
 17020 | Lair:8   | 17020 ||| INVOKING Berserk.
 17123 | Lair:8   | Gained mutation: Your wings are large and strong. [gargoyle growth]
 17123 | Lair:8   | Reached XP level 14. HP: 61/88 MP: 14/14
 17210 | Lair:8   | 17210 ||| INVOKING Fly.
 17210 | Lair:8   | 17210 ||| FLYING.
 17215 | Lair:8   | 17215 ||| UPGRADING to runed executioner's axe {god gift}.
 17216 | Lair:8   | 17216 ||| DROPPING +7 battleaxe of chopping.
 17357 | Lair:8   | 17357 ||| INVOKING Brothers in Arms.
 17359 | Lair:8   | 17359 ||| INVOKING Berserk.
 17379 | Lair:8   | 17379 ||| EATING 12 fruits.
 17513 | Lair:8   | 17513 ||| INVOKING Brothers in Arms.
 17633 | Lair:8   | 17633 ||| INVOKING Brothers in Arms.
 17635 | Lair:8   | 17635 ||| INVOKING Berserk.
 17647 | Lair:8   | 17647 ||| EATING 11 fruits.
 17711 | Lair:8   | Reached skill level 19 in Axes
 17935 | Lair:8   | 17935 ||| UPGRADING to pair of glowing gloves.
 17945 | Lair:8   | 17945 ||| DROPPING +0 pair of gloves.
 17946 | Lair:8   | 17946 ||| UPGRADING to notched steel ring.
 17948 | Lair:8   | 17948 ||| REMOVING ring of teleport control.
 17949 | Lair:8   | 17949 ||| UPGRADING to ring of positive energy.
 17950 | Lair:8   | 17950 ||| DROPPING ring of teleport control.
 17951 | Lair:8   | 17951 ||| UPGRADING to +3 ring of strength.
 17953 | Lair:8   | 17953 ||| READING 6 scrolls of identify.
 17953 | Lair:8   | 17953 ||| IDENTIFYING lumpy orange potion
 17957 | Lair:8   | 17957 ||| EATING 10 fruits.
 18183 | D:10     | Entered Level 10 of the Dungeon
 18187 | D:10     | 18187 ||| STAIRDANCE
 18193 | D:10     | 18193 ||| STAIRDANCE
 18399 | D:10     | Received a gift from Trog
 18468 | D:10     | Found a staircase to the Orcish Mines.
 18619 | D:10     | 18619 ||| INVOKING Burn Spellbooks.
 18831 | D:10     | 18831 ||| EATING 12 fruits.
 19031 | D:10     | 19031 ||| READING scroll labeled PLUEDI TANAI.
 19032 | D:10     | 19032 ||| READING 5 scrolls of identify.
 19032 | D:10     | 19032 ||| IDENTIFYING viscous amethyst potion
 19055 | Orc:1    | Entered Level 1 of the Orcish Mines
 19056 | Orc:1    | 19056 ||| Entered O.
 19058 | Orc:1    | Found Xamm's Armour Shoppe.
 19119 | Orc:1    | Found a flagged portal.
 19218 | Orc:2    | Received a gift from Trog
 19331 | Orc:2    | Received a gift from Trog
 19333 | Orc:2    | 19333 ||| UPGRADING to runed executioner's axe {god gift}.
 19334 | Orc:2    | 19334 ||| UPGRADING to +8 antimagic executioner's axe.
 19335 | Orc:2    | 19335 ||| DROPPING +2 antimagic executioner's axe.
 19433 | Orc:2    | Found Yriwooj's Antique Armour Boutique.
 19573 | Orc:2    | Found a roughly hewn altar of Beogh.
 19577 | Orc:2    | 19577 ||| INVOKING Berserk.
 19795 | Orc:3    | 19795 ||| INVOKING Berserk.
 19803 | Orc:3    | 19803 ||| READING 3 scrolls of teleportation.
 19855 | Orc:3    | 19855 ||| EATING 11 fruits.
 20347 | Orc:3    | Received a gift from Trog
 20443 | Orc:3    | 20443 ||| UPGRADING to runed battleaxe {god gift}.
 20443 | Orc:3    | 20443 ||| Eating in order to wield vampiric weapon.
 20443 | Orc:3    | 20443 ||| EATING 10 fruits.
 20444 | Orc:3    | 20444 ||| Eating in order to wield vampiric weapon.
 20444 | Orc:3    | 20444 ||| EATING 9 fruits.
 20445 | Orc:3    | 20445 ||| Eating in order to wield vampiric weapon.
 20445 | Orc:3    | 20445 ||| EATING 8 fruits.
 20446 | Orc:3    | 20446 ||| Eating in order to wield vampiric weapon.
 20446 | Orc:3    | 20446 ||| EATING 7 fruits.
 20447 | Orc:3    | 20447 ||| Eating in order to wield vampiric weapon.
 20447 | Orc:3    | 20447 ||| EATING 6 fruits.
 20448 | Orc:3    | 20448 ||| UPGRADING to vampiric battleaxe {god gift}.
 20449 | Orc:3    | 20449 ||| DROPPING +8 antimagic executioner's axe.
 21252 | D:11     | 21252 ||| READING 9 scrolls of remove curse.
 21764 | D:11     | 21764 ||| UPGRADING to ring of strength.
 21766 | D:11     | 21766 ||| DROPPING ring of positive energy.
 21767 | D:11     | 21767 ||| UPGRADING to brass ring.
 21769 | D:11     | 21769 ||| DROPPING +3 ring of strength.
 21770 | D:11     | 21770 ||| UPGRADING to +5 ring of strength.
 22004 | D:12     | 22004 ||| INVOKING Berserk.
 22152 | D:12     | Found Klaerhue's Book Shop.
 22219 | D:12     | Received a gift from Trog
 22235 | D:12     | Found a frozen archway.
 22503 | D:12     | 22503 ||| UPGRADING to pearl ring.
 22505 | D:12     | 22505 ||| READING 8 scrolls of remove curse.
 22506 | D:12     | 22506 ||| REMOVING -2 ring of slaying {mikee}.
 22507 | D:12     | 22507 ||| DROPPING -2 ring of slaying {mikee}.
 22508 | D:12     | 22508 ||| UPGRADING to +4 ring of dexterity.
 22509 | D:12     | 22509 ||| UPGRADING to +5 ring of strength.
 22570 | D:13     | Noticed Psyche
 22576 | D:13     | Killed Psyche
 22818 | D:13     | Noticed Nergalle
 22945 | D:13     | Killed Nergalle
 22964 | D:13     | 22964 ||| READING scroll of enchant armour.
 22964 | D:13     | 22964 ||| ENCHANTING +1 pair of gloves.
 23099 | D:13     | Noticed Josephine
 23117 | D:13     | Killed Josephine
 23381 | D:13     | 23381 ||| READING scroll labeled NAMETH CHOAFUA.
 23382 | D:13     | 23382 ||| READING 5 scrolls of identify.
 23382 | D:13     | 23382 ||| IDENTIFYING lumpy inky potion
 23383 | D:13     | 23383 ||| DRINKING potion of beneficial mutation.
 23383 | D:13     | Gained mutation: You are partially covered in yellow scales (AC +2). [potion of beneficial mutation]
 23455 | D:14     | Reached skill level 20 in Axes
 23699 | D:14     | Found a gate to the Vaults.
 23700 | D:14     | 23700 ||| INVOKING Trog's Hand.
 23701 | D:14     | 23701 ||| INVOKING Berserk.
 23707 | D:14     | Reached XP level 15. HP: 94/94 MP: 15/15
 23720 | D:14     | Reached skill level 9 in Armour
 23745 | D:14     | 23745 ||| EATING 5 fruits.
 23911 | D:14     | 23911 ||| READING scroll of enchant armour.
 23911 | D:14     | 23911 ||| ENCHANTING +0 helmet.
 23953 | D:14     | 23953 ||| INVOKING Burn Spellbooks.
 23953 | D:14     | Received a gift from Trog
 24043 | D:14     | Noticed Thomus' ghost (powerful HOFi)
 24044 | D:14     | 24044 ||| INVOKING Brothers in Arms.
 24047 | D:14     | 24047 ||| INVOKING Berserk.
 24056 | D:14     | Killed Thomus' ghost
 24091 | D:14     | 24091 ||| EATING 4 fruits.
 24424 | D:14     | 24424 ||| DROPPING 19 tomahawks.
 24480 | D:15     | Entered Level 15 of the Dungeon
 24482 | D:15     | 24482 ||| STAIRDANCE
 24487 | D:15     | 24487 ||| STAIRDANCE
 24496 | D:15     | 24496 ||| STAIRDANCE
 24498 | D:14     | 24498 ||| INVOKING Trog's Hand.
 24499 | D:14     | 24499 ||| INVOKING Berserk.
 24552 | D:15     | 24552 ||| STAIRDANCE
 24798 | D:15     | 24798 ||| READING scroll of enchant weapon.
 24798 | D:15     | 24798 ||| ENCHANTING +3 vampiric battleaxe.
 24810 | D:15     | Found a staircase to the Depths.
 24810 | D:15     | Noticed a fire giant
 24814 | D:15     | 24814 ||| INVOKING Berserk.
 24826 | D:15     | Killed a fire giant
 24843 | D:15     | 24843 ||| READING 4 scrolls of teleportation.
 25182 | D:15     | 25182 ||| INVOKING Berserk.
 25317 | D:15     | 25317 ||| INVOKING Berserk.
 25384 | D:15     | 25384 ||| DRINKING potion of beneficial mutation.
 25384 | D:15     | Gained mutation: You are partially covered in large bone plates (AC +2, SH +2). [potion of beneficial mutation]
 25715 | D:15     | 25715 ||| UPGRADING to granite ring.
 25717 | D:15     | 25717 ||| REMOVING ring of poison resistance.
 25718 | D:15     | 25718 ||| UPGRADING to +4 ring of dexterity.
 25719 | D:15     | 25719 ||| DROPPING ring of poison resistance.
 25720 | D:15     | 25720 ||| UPGRADING to +5 ring of strength.
 25777 | D:15     | 25777 ||| EATING 3 fruits.
 25843 | D:15     | 25843 ||| INVOKING Burn Spellbooks.
 26321 | Swamp:1  | Entered Level 1 of the Swamp
 26322 | Swamp:1  | 26322 ||| Entered S.
 26337 | Swamp:1  | 26337 ||| INVOKING Brothers in Arms.
 26390 | Swamp:1  | 26390 ||| READING scroll of enchant armour.
 26390 | Swamp:1  | 26390 ||| ENCHANTING +1 helmet.
 26489 | Swamp:1  | 26489 ||| Stepping randomly (disturbance).
 26507 | Swamp:1  | 26507 ||| INVOKING Brothers in Arms.
 26510 | Swamp:1  | 26510 ||| INVOKING Berserk.
 26761 | Swamp:1  | 26761 ||| READING scroll of enchant weapon.
 26761 | Swamp:1  | 26761 ||| ENCHANTING +4 vampiric battleaxe.
 26774 | Swamp:1  | 26774 ||| READING scroll of enchant armour.
 26774 | Swamp:1  | 26774 ||| ENCHANTING +1 cloak.
 26849 | Swamp:1  | 26849 ||| EATING 2 fruits.
 26885 | Swamp:1  | 26885 ||| Stepping randomly (disturbance).
 26887 | Swamp:1  | 26887 ||| Stepping randomly (disturbance).
 26889 | Swamp:1  | 26889 ||| Stepping randomly (disturbance).
 27117 | Swamp:1  | 27117 ||| EATING fruit.
 27145 | Swamp:1  | 27145 ||| UPGRADING to square copper amulet.
 27147 | Swamp:1  | 27147 ||| REMOVING amulet of rage.
 27148 | Swamp:1  | 27148 ||| UPGRADING to amulet of clarity.
 27149 | Swamp:1  | 27149 ||| DROPPING amulet of rage.
 27150 | Swamp:1  | 27150 ||| UPGRADING to ruby ring.
 27152 | Swamp:1  | 27152 ||| DROPPING +4 ring of dexterity.
 27257 | Swamp:2  | 27257 ||| INVOKING Brothers in Arms.
 27260 | Swamp:2  | 27260 ||| INVOKING Berserk.
 27325 | Swamp:2  | Reached skill level 12 in Armour
 27392 | Swamp:2  | Reached skill level 12 in Fighting
 27513 | Swamp:2  | 27513 ||| Stepping randomly (disturbance).
 27614 | Swamp:2  | Reached XP level 16. HP: 94/104 MP: 16/16
 27659 | Swamp:2  | Received a gift from Trog
 27665 | Swamp:2  | 27665 ||| INVOKING Brothers in Arms.
 27670 | Swamp:2  | 27670 ||| INVOKING Berserk.
 27713 | Swamp:2  | 27713 ||| EATING 2 slices of pizza.
 27826 | Swamp:2  | 27826 ||| UPGRADING to runed ruby ring.
 27846 | Swamp:2  | 27846 ||| Stepping ~*~*~tactically~*~*~ (cloud).
 28044 | Swamp:2  | 28044 ||| Stepping randomly (disturbance).
 28193 | Swamp:2  | 28193 ||| UPGRADING to +5 ring of strength.
 28195 | Swamp:2  | 28195 ||| UPGRADING to +6 ring of evasion.
 28197 | Swamp:2  | 28197 ||| DROPPING ring of protection from magic.
 28277 | Swamp:3  | 28277 ||| INVOKING Fly.
 28277 | Swamp:3  | 28277 ||| FLYING.
 28324 | Swamp:3  | Noticed Agnes
 28325 | Swamp:3  | 28325 ||| INVOKING Brothers in Arms.
 28327 | Swamp:3  | 28327 ||| INVOKING Berserk.
 28331 | Swamp:3  | Killed Agnes
 28350 | Swamp:3  | 28350 ||| EATING slice of pizza.
 28418 | Swamp:3  | 28418 ||| Stepping randomly (disturbance).
 28419 | Swamp:3  | 28419 ||| Stepping randomly (disturbance).
 28439 | Swamp:3  | Noticed Wiglaf
 28449 | Swamp:3  | 28449 ||| INVOKING Berserk.
 28457 | Swamp:3  | Killed Wiglaf
 28496 | Swamp:3  | 28496 ||| EATING 4 beef jerkies.
 28612 | Swamp:3  | Noticed a thorn hunter
 28613 | Swamp:3  | 28613 ||| INVOKING Brothers in Arms.
 28615 | Swamp:3  | 28615 ||| INVOKING Berserk.
 28625 | Swamp:3  | Killed a thorn hunter
 28639 | Swamp:3  | 28639 ||| EATING 3 beef jerkies.
 28882 | Swamp:3  | 28882 ||| INVOKING Brothers in Arms.
 28885 | Swamp:3  | 28885 ||| INVOKING Berserk.
 28933 | Swamp:3  | 28933 ||| EATING 2 beef jerkies.
 28982 | Swamp:3  | 28982 ||| UPGRADING to ivory ring.
 28984 | Swamp:3  | 28984 ||| REMOVING ring of sustain abilities.
 28985 | Swamp:3  | 28985 ||| DROPPING ring of sustain abilities.
 28986 | Swamp:3  | 28986 ||| UPGRADING to +5 ring of strength.
 28987 | Swamp:3  | 28987 ||| UPGRADING to +6 ring of evasion.
 29000 | Swamp:4  | 29000 ||| STAIRDANCE
 29011 | Swamp:4  | 29011 ||| STAIRDANCE
 29028 | Swamp:4  | 29028 ||| INVOKING Berserk.
 29358 | Swamp:4  | Received a gift from Trog
 29485 | Swamp:4  | 29485 ||| Stepping randomly (disturbance).
 29665 | Swamp:4  | 29665 ||| Stepping randomly (disturbance).
 29697 | Swamp:4  | 29697 ||| Stepping randomly (disturbance).
 29699 | Swamp:4  | 29699 ||| Stepping randomly (disturbance).
 29700 | Swamp:4  | 29700 ||| Stepping randomly (disturbance).
 29701 | Swamp:4  | 29701 ||| Stepping randomly (disturbance).
 29702 | Swamp:4  | 29702 ||| Stepping randomly (disturbance).
 29705 | Swamp:4  | 29705 ||| INVOKING Berserk.
 29721 | Swamp:4  | 29721 ||| EATING beef jerky.
 29778 | Swamp:5  | Entered Level 5 of the Swamp
 29880 | Swamp:5  | 29880 ||| READING scroll of enchant weapon.
 29880 | Swamp:5  | 29880 ||| ENCHANTING +5 vampiric battleaxe.
 29884 | Swamp:5  | 29884 ||| INVOKING Brothers in Arms.
 29893 | Swamp:5  | 29893 ||| Stepping ~*~*~tactically~*~*~ (water).
 29894 | Swamp:5  | 29894 ||| INVOKING Berserk.
 29928 | Swamp:5  | 29928 ||| READING 4 scrolls of teleportation.
 29933 | Swamp:5  | 29933 ||| INVOKING Brothers in Arms.
 29935 | Swamp:5  | 29935 ||| Stepping ~*~*~tactically~*~*~ (water).
 29940 | Swamp:5  | 29940 ||| READING 3 scrolls of teleportation.
 29944 | Swamp:5  | 29944 ||| READING 2 scrolls of teleportation.
 29945 | Swamp:5  | 29945 ||| Stepping ~*~*~tactically~*~*~ (water).
 29949 | Swamp:5  | 29949 ||| Stepping ~*~*~tactically~*~*~ (water).
 29952 | Swamp:5  | 29952 ||| INVOKING Brothers in Arms.
 29957 | Swamp:5  | 29957 ||| Stepping ~*~*~tactically~*~*~ (water).
 29958 | Swamp:5  | 29958 ||| EATING beef jerky.
 29960 | Swamp:5  | 29960 ||| Stepping ~*~*~tactically~*~*~ (water).
 29962 | Swamp:5  | 29962 ||| Stepping ~*~*~tactically~*~*~ (water).
 29983 | Swamp:5  | 29983 ||| Stepping ~*~*~tactically~*~*~ (water).
 29984 | Swamp:5  | 29984 ||| INVOKING Berserk.
 29990 | Swamp:5  | 29990 ||| INVOKING Brothers in Arms.
 29995 | Swamp:5  | Reached XP level 17. HP: 61/115 MP: 17/17
 30017 | Swamp:5  | 30017 ||| Stepping ~*~*~tactically~*~*~ (water).
 30019 | Swamp:5  | 30019 ||| Stepping ~*~*~tactically~*~*~ (water).
 30074 | Swamp:5  | 30074 ||| Stepping ~*~*~tactically~*~*~ (water).
 30090 | Swamp:5  | Received a gift from Trog
 30104 | Swamp:5  | 30104 ||| INVOKING Fly.
 30104 | Swamp:5  | 30104 ||| FLYING.
 30107 | Swamp:5  | 30107 ||| INVOKING Berserk.
 30182 | Swamp:5  | 30182 ||| DRINKING potion of beneficial mutation.
 30182 | Swamp:5  | Gained mutation: Your mind is acute. (Int +2) [potion of beneficial mutation]
 30205 | Swamp:5  | Got a decaying rune of Zot
 30259 | Swamp:5  | 30259 ||| Stepping randomly (disturbance).
 30261 | Swamp:5  | 30261 ||| Stepping randomly (disturbance).
 30399 | Swamp:5  | 30399 ||| UPGRADING to ring of dexterity.
 30401 | Swamp:5  | 30401 ||| UPGRADING to +5 ring of strength.
 30403 | Swamp:5  | 30403 ||| UPGRADING to +6 ring of evasion.
 30405 | Swamp:5  | 30405 ||| DROPPING +3 ring of dexterity.
 30485 | Swamp:2  | 30485 ||| EATING 10 meat rations.
 30746 | D:14     | 30746 ||| STAIRDANCE
 30758 | D:14     | 30758 ||| STAIRDANCE
 30778 | D:14     | 30778 ||| STAIRDANCE
 30847 | Vaults:1 | Entered Level 1 of the Vaults
 30848 | Vaults:1 | 30848 ||| Entered V.
 30848 | Vaults:1 | 30848 ||| STAIRDANCE
 30861 | Vaults:1 | 30861 ||| STAIRDANCE
 30867 | D:14     | Reached skill level 15 in Armour
 30884 | Vaults:1 | 30884 ||| INVOKING Trog's Hand.
 30898 | Vaults:1 | Reached skill level 15 in Fighting
 30967 | Vaults:1 | 30967 ||| DRINKING 5 potions of restore abilities.
 31005 | Vaults:1 | 31005 ||| READING 2 scrolls of teleportation.
 31099 | Vaults:1 | Found Vaoda's Armour Shop.
 31318 | Vaults:1 | 31318 ||| INVOKING Brothers in Arms.
 31319 | Vaults:1 | 31319 ||| INVOKING Berserk.
 31387 | Vaults:1 | 31387 ||| INVOKING Trog's Hand.
 31399 | Vaults:1 | Received a gift from Trog
 31505 | Vaults:1 | 31505 ||| INVOKING Berserk.
 31686 | Vaults:1 | 31686 ||| INVOKING Trog's Hand.
 31806 | Vaults:1 | 31806 ||| INVOKING Berserk.
 31820 | Vaults:1 | 31820 ||| EATING 9 meat rations.
 31980 | Vaults:1 | 31980 ||| INVOKING Trog's Hand.
 31987 | Vaults:1 | 31987 ||| INVOKING Berserk.
 32044 | Vaults:1 | 32044 ||| INVOKING Trog's Hand.
 32135 | Vaults:1 | 32135 ||| READING scroll of enchant armour.
 32135 | Vaults:1 | 32135 ||| ENCHANTING +0 plate armour.
 32217 | Vaults:1 | 32217 ||| INVOKING Brothers in Arms.
 32221 | Vaults:1 | 32221 ||| INVOKING Brothers in Arms.
 32222 | Vaults:1 | 32222 ||| UPGRADING to runed plate armour.
 32262 | Vaults:1 | 32262 ||| DROPPING +1 plate armour.
 32480 | Vaults:2 | Found Wiacias' General Store.
 32523 | Vaults:2 | Noticed Jory
 32523 | Vaults:2 | 32523 ||| INVOKING Brothers in Arms.
 32524 | Vaults:2 | 32524 ||| INVOKING Berserk.
 32527 | Vaults:2 | Reached XP level 18. HP: 125/125 MP: 18/18
 32535 | Vaults:2 | Killed Jory
 32540 | Vaults:2 | 32540 ||| EATING beef jerky.
 32618 | Vaults:2 | 32618 ||| INVOKING Berserk.
 32631 | Vaults:2 | 32631 ||| EATING 2 royal jellies.
 32687 | Vaults:2 | 32687 ||| INVOKING Trog's Hand.
 32725 | Vaults:2 | 32725 ||| INVOKING Trog's Hand.
 32757 | Vaults:2 | Received a gift from Trog
 32812 | Vaults:2 | Paralysed by a wizard for 2 turns
 32892 | Vaults:2 | 32892 ||| INVOKING Trog's Hand.
 33232 | Vaults:2 | 33232 ||| INVOKING Trog's Hand.
 33234 | Vaults:2 | 33234 ||| INVOKING Berserk.
 33374 | Vaults:2 | 33374 ||| INVOKING Berserk.
 33387 | Vaults:2 | 33387 ||| EATING beef jerky.
 33442 | Vaults:2 | Received a gift from Trog
 33443 | Vaults:2 | 33443 ||| INVOKING Burn Spellbooks.
 33655 | Vaults:2 | 33655 ||| UPGRADING to shiny plate armour.
 33665 | Vaults:2 | 33665 ||| UPGRADING to +2 plate armour of magic resistance.
 33713 | Vaults:3 | 33713 ||| INVOKING Berserk.
 33774 | Vaults:3 | Found a staircase to the Crypt.
 33876 | Vaults:3 | 33876 ||| INVOKING Trog's Hand.
 33941 | Vaults:3 | 33941 ||| INVOKING Trog's Hand.
 33951 | Vaults:3 | Reached skill level 18 in Armour
 34015 | Vaults:3 | Found a glowing silver altar of Zin.
 34030 | Vaults:3 | 34030 ||| INVOKING Trog's Hand.
 34053 | Vaults:3 | Reached skill level 18 in Fighting
 34182 | Vaults:3 | 34182 ||| DRINKING potion of beneficial mutation.
 34182 | Vaults:3 | Gained mutation: You are resistant to hostile enchantments. [potion of beneficial mutation]
 34285 | Vaults:3 | 34285 ||| INVOKING Trog's Hand.
 34375 | Vaults:3 | Found a magical portal.
 34547 | Vaults:3 | Found Schibig's Assorted Antiques.
 34613 | Vaults:3 | 34613 ||| INVOKING Trog's Hand.
 34816 | Vaults:3 | Found Qysapn's Food Boutique.
 34817 | Vaults:3 | Found Miec's Distillery.
 34853 | Vaults:3 | 34853 ||| EATING beef jerky.
 35012 | Vaults:4 | Reached XP level 19. HP: 125/134 MP: 18/18
 35081 | Vaults:4 | 35081 ||| INVOKING Trog's Hand.
 35116 | Vaults:4 | 35116 ||| READING scroll of enchant armour.
 35116 | Vaults:4 | 35116 ||| ENCHANTING +2 plate armour of magic resistance.
 35153 | Vaults:4 | 35153 ||| INVOKING Berserk.
 35226 | Vaults:4 | 35226 ||| INVOKING Brothers in Arms.
 35231 | Vaults:4 | 35231 ||| INVOKING Berserk.
 35341 | Vaults:4 | 35341 ||| INVOKING Burn Spellbooks.
 35426 | Vaults:4 | 35426 ||| INVOKING Trog's Hand.
 35442 | Vaults:4 | Received a gift from Trog
 35448 | Vaults:4 | 35448 ||| INVOKING Trog's Hand.
 35467 | Vaults:4 | 35467 ||| INVOKING Burn Spellbooks.
 35529 | Vaults:4 | 35529 ||| INVOKING Trog's Hand.
 35542 | Vaults:4 | 35542 ||| READING scroll of enchant weapon.
 35542 | Vaults:4 | 35542 ||| ENCHANTING +6 vampiric battleaxe.
 35626 | Vaults:4 | Found Bisoqergh's Food Shoppe.
 35685 | Vaults:4 | 35685 ||| INVOKING Trog's Hand.
 35687 | Vaults:4 | 35687 ||| INVOKING Berserk.
 35730 | Vaults:4 | 35730 ||| EATING slice of pizza.
 35755 | Vaults:4 | Received a gift from Trog
 35790 | Vaults:4 | 35790 ||| INVOKING Berserk.
 35804 | Vaults:4 | 35804 ||| EATING 21 bread rations.
 35858 | Vaults:4 | 35858 ||| READING scroll labeled MIHIMU ROIDIEC.
 35863 | Vaults:4 | 35863 ||| Stepping ~*~*~tactically~*~*~ (cloud).
 35988 | Vaults:4 | 35988 ||| INVOKING Trog's Hand.
 36123 | Vaults:4 | 36123 ||| INVOKING Trog's Hand.
 36322 | Vaults:4 | Noticed a golden dragon
 36341 | Vaults:4 | Killed a golden dragon
 37133 | Lair:5   | 37133 ||| EATING 20 bread rations.
 37147 | Spider:1 | Entered Level 1 of the Spider Nest
 37148 | Spider:1 | 37148 ||| Entered N.
 37148 | Spider:1 | 37148 ||| STAIRDANCE
 37158 | Spider:1 | 37158 ||| STAIRDANCE
 37174 | Spider:1 | 37174 ||| STAIRDANCE
 37187 | Spider:1 | 37187 ||| INVOKING Brothers in Arms.
 37224 | Spider:1 | 37224 ||| INVOKING Brothers in Arms.
 37232 | Spider:1 | 37232 ||| INVOKING Berserk.
 37519 | Spider:1 | 37519 ||| INVOKING Brothers in Arms.
 37619 | Spider:1 | 37619 ||| INVOKING Brothers in Arms.
 37630 | Spider:1 | Noticed Rupert
 37630 | Spider:1 | 37630 ||| INVOKING Trog's Hand.
 37633 | Spider:1 | 37633 ||| INVOKING Berserk.
 37637 | Spider:1 | Killed Rupert
 37644 | Spider:1 | 37644 ||| EATING beef jerky.
 37994 | Spider:1 | 37994 ||| UPGRADING to ring of slaying {mikee}.
 37996 | Spider:1 | 37996 ||| DROPPING +5 ring of strength.
 37997 | Spider:1 | 37997 ||| UPGRADING to +6 ring of evasion.
 37999 | Spider:1 | 37999 ||| UPGRADING to +4 ring of slaying {mikee}.
 38001 | Spider:1 | 38001 ||| DROPPING ring of protection from cold.
 38043 | Spider:2 | 38043 ||| STAIRDANCE
 38049 | Spider:2 | 38049 ||| STAIRDANCE
 38321 | Spider:2 | 38321 ||| INVOKING Brothers in Arms.
 38491 | Spider:2 | 38491 ||| READING scroll labeled VENING AXABB.
 38519 | Spider:3 | 38519 ||| STAIRDANCE
 38635 | Spider:3 | Reached XP level 20. HP: 135/144 MP: 19/19
 38769 | Spider:3 | Received a gift from Trog
 38777 | Spider:3 | 38777 ||| READING scroll labeled YNLUGU TRYCEXT.
 38777 | Spider:3 | Identified a scroll of acquirement
 38813 | Spider:3 | Got a polished cloak
 38903 | Spider:3 | 38903 ||| UPGRADING to polished cloak.
 38913 | Spider:3 | Identified the +3 cloak of Jiguk {rN+ Regen+ rCorr Slay-4} (You acquired it on level 3 of the Spider Nest)
 38913 | Spider:3 | 38913 ||| DROPPING +2 cloak.
 38918 | Spider:4 | 38918 ||| STAIRDANCE
 38923 | Spider:4 | 38923 ||| STAIRDANCE
 38944 | Spider:4 | 38944 ||| STAIRDANCE
 39000 | Spider:4 | 39000 ||| READING scroll of enchant weapon.
 39000 | Spider:4 | 39000 ||| ENCHANTING +7 vampiric battleaxe.
 39042 | Spider:4 | 39042 ||| READING scroll of enchant armour.
 39042 | Spider:4 | 39042 ||| ENCHANTING +3 plate armour of magic resistance.
 39086 | Spider:4 | Received a gift from Trog
 39368 | Spider:4 | Received a gift from Trog
 39572 | Spider:5 | Entered Level 5 of the Spider Nest
 39660 | Spider:5 | 39660 ||| READING scroll of enchant weapon.
 39660 | Spider:5 | 39660 ||| ENCHANTING +8 vampiric battleaxe.
 39904 | Spider:5 | Received a gift from Trog
 39969 | Spider:5 | Noticed Asterion
 39985 | Spider:5 | Killed Asterion
 40720 | Spider:5 | 40720 ||| INVOKING Berserk.
 40744 | Spider:5 | 40744 ||| READING 5 scrolls of teleportation.
 40748 | Spider:5 | 40748 ||| EATING 2 slices of pizza.
 41080 | Spider:5 | Got a gossamer rune of Zot
 41108 | Spider:5 | 41108 ||| UPGRADING to pair of glowing boots.
 41288 | Lair:4   | 41288 ||| EATING slice of pizza.
 41561 | Depths:1 | Entered Level 1 of the Depths
 41562 | Depths:1 | 41562 ||| Entered U.
 41678 | Depths:1 | 41678 ||| INVOKING Trog's Hand.
 41687 | Depths:1 | 41687 ||| INVOKING Berserk.
 41812 | Depths:1 | 41812 ||| INVOKING Brothers in Arms.
 41817 | Depths:1 | 41817 ||| INVOKING Berserk.
 41955 | Depths:1 | Found a one-way gate to the infinite horrors of the Abyss.
 41970 | Depths:1 | 41970 ||| INVOKING Trog's Hand.
 41989 | Depths:1 | 41989 ||| INVOKING Brothers in Arms.
 42090 | Depths:1 | Found a gateway to Hell.
 42164 | Depths:1 | Received a gift from Trog
 42237 | Depths:1 | 42237 ||| INVOKING Brothers in Arms.
 42246 | Depths:1 | Reached XP level 21. HP: 151/151 MP: 20/20
 42249 | Depths:1 | 42249 ||| INVOKING Brothers in Arms.
 42318 | Depths:1 | 42318 ||| Stepping randomly (disturbance).
 42417 | Depths:1 | 42417 ||| UPGRADING to ring of evasion.
 42419 | Depths:1 | 42419 ||| UPGRADING to +6 ring of evasion.
 42421 | Depths:1 | 42421 ||| DROPPING +3 ring of evasion.
 42469 | Depths:2 | 42469 ||| INVOKING Trog's Hand.
 42475 | Depths:2 | 42475 ||| STAIRDANCE
 42494 | Depths:2 | 42494 ||| STAIRDANCE
 42618 | Depths:2 | 42618 ||| INVOKING Berserk.
 42642 | Depths:2 | 42642 ||| EATING 2 beef jerkies.
 42680 | Depths:2 | Found a one-way gate leading to the halls of Pandemonium.
 42693 | Depths:2 | 42693 ||| INVOKING Brothers in Arms.
 42696 | Depths:2 | 42696 ||| INVOKING Berserk.
 42712 | Depths:2 | 42712 ||| EATING beef jerky.
 42799 | Depths:2 | Reached skill level 21 in Fighting
 42821 | Depths:2 | Reached skill level 21 in Armour
 42843 | Depths:2 | 42843 ||| INVOKING Brothers in Arms.
 42849 | Depths:2 | 42849 ||| INVOKING Berserk.
 42864 | Depths:2 | Reached skill level 21 in Axes
 42883 | Depths:2 | Received a gift from Trog
 42889 | Depths:2 | 42889 ||| EATING 21 bread rations.
 42938 | Depths:2 | 42938 ||| INVOKING Brothers in Arms.
 42939 | Depths:2 | 42939 ||| INVOKING Berserk.
 43055 | Depths:2 | 43055 ||| INVOKING Trog's Hand.
 43059 | Depths:2 | 43059 ||| INVOKING Brothers in Arms.
 43076 | Depths:2 | 43076 ||| INVOKING Brothers in Arms.
 43269 | Depths:2 | 43269 ||| INVOKING Burn Spellbooks.
 43401 | Depths:2 | Received a gift from Trog
 43559 | Depths:2 | 43559 ||| INVOKING Brothers in Arms.
 43565 | Depths:2 | 43565 ||| EATING 23 bread rations.
 43647 | Depths:2 | 43647 ||| INVOKING Burn Spellbooks.
 43765 | Depths:2 | 43765 ||| UPGRADING to runed plate armour.
 43775 | Depths:2 | 43775 ||| UPGRADING to +1 plate armour of fire resistance.
 43785 | Depths:2 | 43785 ||| UPGRADING to pair of runed gloves.
 43795 | Depths:2 | 43795 ||| UPGRADING to +2 pair of gloves.
 43805 | Depths:2 | 43805 ||| DROPPING +1 pair of gloves.
 43806 | Depths:2 | 43806 ||| UPGRADING to +4 plate armour of magic resistance.
 43915 | Depths:3 | 43915 ||| INVOKING Burn Spellbooks.
 43960 | Depths:3 | Noticed Margery
 43960 | Depths:3 | 43960 ||| DRINKING 5 potions of resistance.
 43992 | Depths:3 | Killed Margery
 44146 | Depths:3 | 44146 ||| INVOKING Brothers in Arms.
 44148 | Depths:3 | 44148 ||| INVOKING Trog's Hand.
 44160 | Depths:3 | Reached XP level 22. HP: 159/159 MP: 20/20
 44166 | Depths:3 | 44166 ||| INVOKING Berserk.
 44346 | Depths:3 | Noticed Boris
 44347 | Depths:3 | 44347 ||| INVOKING Brothers in Arms.
 44381 | Depths:3 | Killed Boris
 44416 | Depths:3 | 44416 ||| EATING 23 bread rations.
 44539 | Depths:3 | 44539 ||| INVOKING Trog's Hand.
 44555 | Depths:3 | 44555 ||| INVOKING Trog's Hand.
 44621 | Depths:3 | Found a gateway to a ziggurat.
 44625 | Depths:3 | 44625 ||| INVOKING Burn Spellbooks.
 44822 | Depths:3 | 44822 ||| INVOKING Trog's Hand.
 45047 | Depths:3 | 45047 ||| UPGRADING to glowing plate armour.
 45057 | Depths:3 | 45057 ||| UPGRADING to +4 plate armour of magic resistance.
 45067 | Depths:3 | 45067 ||| DROPPING +2 plate armour of magic resistance.
 45068 | Depths:3 | 45068 ||| UPGRADING to fire dragon armour.
 45078 | Depths:3 | 45078 ||| UPGRADING to +0 plate armour of fire resistance.
 45088 | Depths:3 | 45088 ||| UPGRADING to +1 plate armour of fire resistance.
 45098 | Depths:3 | 45098 ||| UPGRADING to +4 plate armour of magic resistance.
 45148 | Depths:4 | 45148 ||| INVOKING Trog's Hand.
 45217 | Depths:4 | Received a gift from Trog
 45230 | Depths:4 | 45230 ||| INVOKING Trog's Hand.
 45239 | Depths:4 | 45239 ||| INVOKING Trog's Hand.
 45309 | Depths:4 | Reached skill level 22 in Armour
 45334 | Depths:4 | 45334 ||| Stepping ~*~*~tactically~*~*~ (cloud).
 45335 | Depths:4 | 45335 ||| Stepping ~*~*~tactically~*~*~ (cloud).
 45373 | Depths:4 | 45373 ||| INVOKING Trog's Hand.
 45448 | Depths:4 | 45448 ||| INVOKING Trog's Hand.
 45539 | Depths:4 | 45539 ||| INVOKING Berserk.
 46049 | Depths:4 | 46049 ||| INVOKING Brothers in Arms.
 46058 | Depths:4 | 46058 ||| INVOKING Berserk.
 46210 | Depths:4 | 46210 ||| UPGRADING to tubular silver ring.
 46212 | Depths:4 | 46212 ||| UPGRADING to +6 ring of evasion.
 46297 | Depths:5 | Entered Level 5 of the Depths
 46300 | Depths:5 | 46300 ||| INVOKING Trog's Hand.
 46495 | Depths:5 | 46495 ||| INVOKING Brothers in Arms.
 46497 | Depths:5 | Noticed Sojobo
 46497 | Depths:5 | 46497 ||| INVOKING Trog's Hand.
 46511 | Depths:5 | 46511 ||| INVOKING Berserk.
 46515 | Depths:5 | Killed Sojobo
 46600 | Depths:5 | 46600 ||| INVOKING Trog's Hand.
 46634 | Depths:5 | 46634 ||| INVOKING Brothers in Arms.
 46637 | Depths:5 | 46637 ||| INVOKING Brothers in Arms.
 46640 | Depths:5 | 46640 ||| INVOKING Brothers in Arms.
 46641 | Depths:5 | Noticed Jorgrun
 46641 | Depths:5 | 46641 ||| INVOKING Brothers in Arms.
 46649 | Depths:5 | Reached XP level 23. HP: 167/167 MP: 21/21
 46660 | Depths:5 | Killed Jorgrun
 46671 | Depths:5 | Received a gift from Trog
 46672 | Depths:5 | 46672 ||| EATING 24 bread rations.
 46706 | Depths:5 | 46706 ||| INVOKING Brothers in Arms.
 46708 | Depths:5 | Noticed the Enchantress
 46708 | Depths:5 | 46708 ||| INVOKING Trog's Hand.
 46711 | Depths:5 | 46711 ||| INVOKING Berserk.
 46753 | Depths:5 | Killed the Enchantress
 46856 | Depths:5 | 46856 ||| INVOKING Burn Spellbooks.
 46902 | Depths:5 | Found a gate to the Realm of Zot.
 46934 | Depths:5 | Gained mutation: You expend magic power (3 MP) to slightly strengthen your wands. [a neqoxec]
 46947 | Depths:5 | 46947 ||| DRINKING 2 potions of cure mutation.
 46947 | Depths:5 | Lost mutation: Your flesh is heat resistant. [potion of cure mutation]
 46947 | Depths:5 | Lost mutation: Your muscles are strong. (Str +2) [potion of cure mutation]
 46947 | Depths:5 | Lost mutation: You expend magic power (3 MP) to slightly strengthen your wands. [potion of cure mutation]
 46947 | Depths:5 | Lost mutation: You are partially covered in large bone plates (AC +2, SH +2). [potion of cure mutation]
 46958 | Depths:5 | 46958 ||| INVOKING Berserk.
 47300 | Depths:5 | 47300 ||| INVOKING Berserk.
 47322 | Depths:5 | 47322 ||| EATING 4 fruits.
 47424 | Depths:5 | 47424 ||| INVOKING Trog's Hand.
 47514 | Depths:5 | 47514 ||| INVOKING Trog's Hand.
 47619 | Depths:5 | 47619 ||| UPGRADING to glowing hat.
 47629 | Depths:5 | 47629 ||| UPGRADING to +2 helmet.
 47639 | Depths:5 | 47639 ||| DROPPING +2 hat.
 47739 | Depths:4 | 47739 ||| INVOKING Trog's Hand.
 47951 | Vaults:2 | 47951 ||| EATING 3 fruits.
 48023 | Vaults:5 | Entered Level 5 of the Vaults
 48024 | Vaults:5 | 48024 ||| INVOKING Trog's Hand.
 48025 | Vaults:5 | 48025 ||| STAIRDANCE
 48054 | Vaults:5 | 48054 ||| STAIRDANCE
 48238 | Vaults:5 | 48238 ||| STAIRDANCE
 48274 | Vaults:5 | 48274 ||| STAIRDANCE
 48303 | Vaults:5 | 48303 ||| STAIRDANCE
 48334 | Vaults:5 | 48334 ||| INVOKING Trog's Hand.
 48339 | Vaults:5 | 48339 ||| INVOKING Berserk.
 48407 | Vaults:5 | 48407 ||| INVOKING Trog's Hand.
 48426 | Vaults:5 | 48426 ||| INVOKING Trog's Hand.
 48459 | Vaults:5 | Reached skill level 23 in Armour
 48461 | Vaults:5 | 48461 ||| EATING 2 fruits.
 48484 | Vaults:5 | 48484 ||| INVOKING Trog's Hand.
 48621 | Vaults:5 | Found Jarhikim's Weapon Shoppe.
 48666 | Vaults:5 | 48666 ||| INVOKING Trog's Hand.
 48798 | Vaults:5 | Reached XP level 24. HP: 174/176 MP: 21/21
 48839 | Vaults:5 | Noticed Frederick
 48840 | Vaults:5 | 48840 ||| INVOKING Brothers in Arms.
 48843 | Vaults:5 | 48843 ||| INVOKING Berserk.
 48851 | Vaults:5 | Killed Frederick
 48855 | Vaults:5 | 48855 ||| EATING fruit.
 48947 | Vaults:5 | 48947 ||| INVOKING Burn Spellbooks.
 49027 | Vaults:5 | Received a gift from Trog
 49092 | Vaults:5 | 49092 ||| INVOKING Berserk.
 49124 | Vaults:5 | 49124 ||| EATING slice of pizza.
 49126 | Vaults:5 | 49126 ||| READING 6 scrolls of teleportation.
 49159 | Vaults:5 | 49159 ||| INVOKING Burn Spellbooks.
 49193 | Vaults:5 | 49193 ||| INVOKING Berserk.
 49209 | Vaults:5 | 49209 ||| EATING 14 meat rations.
 49286 | Vaults:5 | 49286 ||| INVOKING Burn Spellbooks.
 49391 | Vaults:5 | 49391 ||| INVOKING Burn Spellbooks.
 49402 | Vaults:5 | 49402 ||| INVOKING Berserk.
 49403 | Vaults:5 | Noticed Mennas
 49430 | Vaults:5 | 49430 ||| READING 6 scrolls of teleportation.
 49482 | Vaults:5 | 49482 ||| INVOKING Brothers in Arms.
 49493 | Vaults:5 | Killed Mennas
 49558 | Vaults:5 | 49558 ||| INVOKING Berserk.
 49567 | Vaults:5 | 49567 ||| READING 5 scrolls of teleportation.
 49634 | Vaults:5 | 49634 ||| INVOKING Berserk.
 49644 | Vaults:5 | 49644 ||| EATING fruit.
 49679 | Vaults:5 | 49679 ||| INVOKING Trog's Hand.
 49686 | Vaults:5 | 49686 ||| INVOKING Burn Spellbooks.
 49704 | Vaults:5 | 49704 ||| INVOKING Burn Spellbooks.
 49704 | Vaults:5 | Received a gift from Trog
 49738 | Vaults:5 | Got a silver rune of Zot
 49842 | Vaults:5 | Got a flickering pewter ring
 49900 | Vaults:5 | 49900 ||| INVOKING Burn Spellbooks.
 49933 | Vaults:5 | 49933 ||| INVOKING Burn Spellbooks.
 49945 | Vaults:5 | 49945 ||| INVOKING Berserk.
 49964 | Vaults:5 | 49964 ||| EATING 3 royal jellies.
 50102 | Vaults:5 | 50102 ||| UPGRADING to glowing plate armour.
 50112 | Vaults:5 | 50112 ||| UPGRADING to +0 plate armour of fire resistance.
 50122 | Vaults:5 | 50122 ||| UPGRADING to +1 plate armour of fire resistance.
 50132 | Vaults:5 | 50132 ||| UPGRADING to +4 plate armour of magic resistance.
 50142 | Vaults:5 | 50142 ||| DROPPING +2 plate armour of poison resistance.
 50143 | Vaults:5 | 50143 ||| UPGRADING to glowing plate armour.
 50153 | Vaults:5 | 50153 ||| UPGRADING to +4 plate armour of magic resistance.
 50163 | Vaults:5 | 50163 ||| UPGRADING to glowing gold dragon armour.
 50173 | Vaults:5 | 50173 ||| DROPPING +0 plate armour of fire resistance.
 50174 | Vaults:5 | 50174 ||| DROPPING fire dragon hide.
 50175 | Vaults:5 | 50175 ||| DROPPING +4 plate armour of magic resistance.
 50176 | Vaults:5 | 50176 ||| DROPPING +2 plate armour of cold resistance.
 50177 | Vaults:5 | 50177 ||| UPGRADING to runed plate armour.
 50187 | Vaults:5 | 50187 ||| UPGRADING to +1 plate armour of fire resistance.
 50197 | Vaults:5 | 50197 ||| UPGRADING to +2 gold dragon armour.
 50207 | Vaults:5 | 50207 ||| DROPPING +0 plate armour of poison resistance.
 50208 | Vaults:5 | 50208 ||| UPGRADING to runed cloak.
 50218 | Vaults:5 | 50218 ||| UPGRADING to +3 cloak of Jiguk {rN+ Regen+ rCorr Slay-4}.
 50228 | Vaults:5 | 50228 ||| DROPPING +2 cloak of poison resistance.
 50229 | Vaults:5 | 50229 ||| UPGRADING to dented zirconium amulet.
 50231 | Vaults:5 | 50231 ||| READING 14 scrolls of remove curse.
 50232 | Vaults:5 | 50232 ||| REMOVING amulet of inaccuracy.
 50303 | Vaults:5 | 50303 ||| UPGRADING to amulet of clarity.
 50304 | Vaults:5 | 50304 ||| UPGRADING to dented golden amulet.
 50306 | Vaults:5 | 50306 ||| DROPPING amulet of clarity.
 50307 | Vaults:5 | 50307 ||| DROPPING amulet of inaccuracy.
 50308 | Vaults:5 | 50308 ||| UPGRADING to flickering pewter ring.
 50309 | Vaults:5 | Identified the ring of Pyumpojy {rN++ MP-9 Int+4 Dex+6} (You took it off an ironbrand convoker on level 5 of the Vaults)
 50310 | Vaults:5 | 50310 ||| UPGRADING to ring of protection from fire.
 50312 | Vaults:5 | 50312 ||| UPGRADING to +6 ring of evasion.
 50314 | Vaults:5 | 50314 ||| DROPPING ring of Pyumpojy {rN++ MP-9 Int+4 Dex+6}.
 50315 | Vaults:5 | 50315 ||| UPGRADING to twisted cabochon ring.
 50317 | Vaults:5 | 50317 ||| REMOVING ring of invisibility.
 50318 | Vaults:5 | 50318 ||| UPGRADING to ring of protection from fire.
 50319 | Vaults:5 | 50319 ||| DROPPING ring of invisibility.
 50320 | Vaults:5 | 50320 ||| UPGRADING to +6 ring of evasion.
 50467 | Vaults:1 | 50467 ||| EATING 2 royal jellies.
 50668 | Depths:5 | 50668 ||| Shafted from Depths:4 to Depths:5.
 50683 | Depths:4 | 50683 ||| Successfully unshafted to Depths:4.
 50836 | Zot:1    | Entered Level 1 of the Realm of Zot
 50837 | Zot:1    | 50837 ||| Entered Z.
 51024 | Zot:1    | 51024 ||| INVOKING Berserk.
 51031 | Zot:1    | 51031 ||| EATING royal jelly.
 51168 | Zot:1    | Lost mutation: Your mind is acute. (Int +2) [a Zot trap]
 51212 | Zot:1    | 51212 ||| INVOKING Berserk.
 51236 | Zot:1    | 51236 ||| EATING 26 bread rations.
 51311 | Zot:1    | 51311 ||| INVOKING Berserk.
 51520 | Zot:1    | 51520 ||| UPGRADING to glowing cloak.
 51530 | Zot:1    | 51530 ||| UPGRADING to +3 cloak of Jiguk {rN+ Regen+ rCorr Slay-4}.
 51540 | Zot:1    | 51540 ||| DROPPING +2 cloak.
 52108 | Zot:2    | 52108 ||| EATING beef jerky.
 52564 | Zot:3    | 52564 ||| EATING 7 fruits.
 52624 | Zot:3    | Received a gift from Trog
 52844 | Zot:3    | 52844 ||| EATING 6 fruits.
 53041 | Zot:3    | 53041 ||| INVOKING Burn Spellbooks.
 53118 | Zot:3    | 53118 ||| EATING 5 fruits.
 53246 | Zot:4    | 53246 ||| INVOKING Berserk.
 53258 | Zot:4    | 53258 ||| EATING 4 fruits.
 53369 | Zot:4    | 53369 ||| INVOKING Burn Spellbooks.
 53414 | Zot:4    | Reached XP level 25. HP: 183/183 MP: 22/22
 53415 | Zot:4    | 53415 ||| EATING 3 fruits.
 53475 | Zot:4    | Reached skill level 24 in Armour
 53592 | Zot:4    | Reached skill level 24 in Fighting
 53596 | Zot:4    | 53596 ||| INVOKING Berserk.
 53679 | Zot:4    | Reached skill level 24 in Axes
 53700 | Zot:4    | 53700 ||| Stepping randomly (disturbance).
 53729 | Zot:4    | Received a gift from Trog
 53730 | Zot:4    | 53730 ||| INVOKING Burn Spellbooks.
 53731 | Zot:4    | 53731 ||| INVOKING Burn Spellbooks.
 53732 | Zot:4    | 53732 ||| INVOKING Burn Spellbooks.
 53733 | Zot:4    | 53733 ||| INVOKING Burn Spellbooks.
 53738 | Zot:4    | 53738 ||| INVOKING Burn Spellbooks.
 53740 | Zot:4    | 53740 ||| INVOKING Burn Spellbooks.
 53741 | Zot:4    | 53741 ||| INVOKING Burn Spellbooks.
 53933 | Zot:4    | 53933 ||| EATING 2 fruits.
 54060 | Zot:4    | 54060 ||| UPGRADING to embroidered cloak.
 54070 | Zot:4    | 54070 ||| UPGRADING to +3 cloak of Jiguk {rN+ Regen+ rCorr Slay-4}.
 54080 | Zot:4    | 54080 ||| DROPPING +2 cloak.
 54081 | Zot:4    | 54081 ||| UPGRADING to glowing cloak.
 54091 | Zot:4    | 54091 ||| UPGRADING to +3 cloak of Jiguk {rN+ Regen+ rCorr Slay-4}.
 54101 | Zot:4    | 54101 ||| DROPPING +1 cloak of poison resistance.
 54130 | Zot:5    | Entered Level 5 of the Realm of Zot
 54131 | Zot:5    | 54131 ||| EATING fruit.
 54132 | Zot:5    | 54132 ||| EATING 27 bread rations.
 54135 | Zot:5    | 54135 ||| EATING 26 bread rations.
 54284 | Zot:5    | Noticed an ancient lich
 54284 | Zot:5    | 54284 ||| INVOKING Trog's Hand.
 54285 | Zot:5    | 54285 ||| INVOKING Brothers in Arms.
 54288 | Zot:5    | 54288 ||| INVOKING Berserk.
 54297 | Zot:5    | Killed an ancient lich
 54392 | Zot:5    | Noticed an ancient lich
 54393 | Zot:5    | 54393 ||| INVOKING Trog's Hand.
 54394 | Zot:5    | 54394 ||| INVOKING Brothers in Arms.
 54397 | Zot:5    | 54397 ||| INVOKING Berserk.
 54409 | Zot:5    | Killed an ancient lich
 54424 | Zot:5    | Noticed an orb of fire
 54426 | Zot:5    | Noticed an orb of fire
 54429 | Zot:5    | 54429 ||| DRINKING 4 potions of resistance.
 54430 | Zot:5    | 54430 ||| READING 7 scrolls of teleportation.
 54431 | Zot:5    | Gained mutation: You are partially covered in icy blue scales (AC +1). [an orb of fire]
 54441 | Zot:5    | 54441 ||| EATING 25 bread rations.
 55591 | Depths:5 | Got a faerie dragon armour
 55592 | Depths:5 | Identified the +3 faerie dragon armour {-Tele rElec rPois rC+ Dex-3} (You took it off the Enchantress on level 5 of the Depths)
 56151 | Swamp:4  | Got a shimmering executioner's axe {god gift}
 56152 | Swamp:4  | Identified the +1 executioner's axe of Overwhelming Force {elec, rElec rF- rN+ Int+4 Dex+3} (Trog gifted it to you on level 4 of the Swamp)
 56579 | Vaults:2 | Got a polished battleaxe {god gift}
 56580 | Vaults:2 | Identified the +3 battleaxe "Juavalea" {venom, +Blink} (Trog gifted it to you on level 2 of the Vaults)
 56670 | Vaults:2 | 56670 ||| INVOKING Brothers in Arms.
 56673 | Vaults:2 | 56673 ||| INVOKING Berserk.
 57330 | Zot:5    | Noticed an ancient lich
 57338 | Zot:5    | Paralysed by an ancient lich for 7 turns
 57339 | Zot:5    | Killed an ancient lich
 57339 | Zot:5    | Reached XP level 26. HP: 183/191 MP: 22/22
 57385 | Zot:5    | Noticed an orb of fire
 57389 | Zot:5    | Killed an orb of fire
 57408 | Zot:5    | Killed an orb of fire
 57413 | Zot:5    | Reached skill level 25 in Fighting
 57420 | Zot:5    | Noticed an orb of fire
 57710 | Zot:5    | Gained mutation: Scrolls take you a little longer to read. [an orb of fire]
 57711 | Zot:5    | Killed an orb of fire
 57832 | Zot:5    | Noticed an orb of fire
 57844 | Zot:5    | Killed an orb of fire
 58020 | Zot:5    | Noticed an orb of fire
 58025 | Zot:5    | Noticed an orb of fire
 58039 | Zot:5    | HP: 69/289 [orb of fire/bolt of fire (8)]
 58040 | Zot:5    | Killed an orb of fire
 58046 | Zot:5    | HP: 34/289 [orb of fire/bolt of fire (24)]
 58050 | Zot:5    | Killed an orb of fire
 58052 | Zot:5    | HP: 28/289 [orb of fire/fireball (9)]
 58056 | Zot:5    | Killed from afar by an orb of fire

Vault maps used:
D:1:      evilmike_arrival_run_for_it
D:2:      first_bread
D:3:      kennysheep_flooded_box, uniq_jessica, uniq_grinder
D:4:      nicolae_overflow_hidden_temple, gammafunk_temple_overflow_elements,
          serial_shops, shop, uniq_pikel, uniq_blork_the_orc
D:5:      grunt_decor_arrowhead, uniq_sigmund
D:6:      minmay_temple_entry_mist, st_stairs_13
D:7:      okawaru_ov_weapons_minmay, grunt_livestock
D:8:      nicolae_gozag_seed_capital, uniq_duvessa, uniq_maurice
D:9:      led_sif_pool, lemuel_doored_altar, grunt_lair_entry_elf_guard_hut,
          uniq_prince_ribbit1
D:10:     erik_orc_3
D:12:     portal_ice_cave_entry_pillars_01, serial_shops, kennysheep_mini_moat
D:13:     uniq_josephine, uniq_nergalle, uniq_psyche
D:14:     lightli_vaults_fourway_checkpoint
D:15:     grunt_enter_depths_giant_problem, roderic_serpentine_path
Lair:1:   lemuel_slime, grunt_forest_large_clearings
Lair:2:   serial_bayou_shore_b
Lair:3:   pond
Lair:4:   swamp_mist_pool
Lair:5:   nicolae_spider_entry_tight_spaces, disabler_island, lemuel_fruit_tree,
          grunt_megastairs_1, infiniplex_staircase_pool_2, uniq_fannar
Lair:6:   slime_dummy, serial_bayou_lake_a
Lair:7:   serial_bayou_lagoon_a
Lair:8:   wormcave, guppyfry_lair_end_dragon, minivault_23,
          minmay_lair_drake_nest, uniq_erica
Swamp:1:  evilmike_swamp_ruin_house_5, swamp_pool1
Swamp:2:  infiniplex_staircase_pool
Swamp:3:  nicolae_swamp_trees_clearing, uniq_wiglaf, uniq_agnes
Swamp:4:  evilmike_swamp_ruin_house_4
Swamp:5:  swamp
Spider:1: cheibrodos_spider_creepycove, hive_lemuel, uniq_rupert
Spider:4: spider_trap
Spider:5: spider_rune_water, uniq_asterion
Orc:1:    enter_bailey_2, serial_shops, shop
Orc:2:    serial_shops, nicolae_shop_crystal, kennysheep_orc_chapel
Orc:3:    nicolae_orc_pool_cavern
Vaults:1: nicolae_vaults_three_branches, v_misc_9, grunt_vaults_twisty,
          nicolae_vaults_mini_display_case, v_misc_23, vaults_room_octagon,
          vaults_room_door_hall, vaults_mumra_hex, nicolae_vaults_rhombus_5,
          ontoclasm_vaults_ligature, nicolae_vaults_statue_guard,
          vaults_room_pool, nicolae_vaults_little_squares_1, serial_shops, shop
Vaults:2: hangedman_vaults_variations, v_misc_25, v_pattern_1,
          hangedman_vaults_corner, ontoclasm_vaults_decontamination,
          ontoclasm_vaults_ring_large, vaults_room_pool, st_quartered_hall,
          vaults_room_semicircle, grunt_vaults_funnel, v_misc_9,
          nicolae_vaults_sealed_display, vaults_room_pools, serial_shops, shop,
          uniq_jory
Vaults:3: vaults_mumra_hexcomb, v_misc_32, v_misc_23,
          minmay_crypt_entry_nasty_monster, hangedman_vaults_nails,
          ontoclasm_vaults_ring_small, hangedman_vaults_trim,
          nicolae_vaults_alarming, hangedman_vaults_impose, basic_altar,
          serial_shops, nicolae_shop_crystal, nicolae_shop_statue_plus,
          nicolae_shop_temple_entry_statues_fountains,
          infiniplex_enter_wizlab_glasses
Vaults:4: v_misc_10, nicolae_vaults_arrows, v_misc_25, hangedman_vaults_nodes,
          nicolae_vaults_puzzle_piece, vaults_room_door_hall, v_misc_25,
          nicolae_vaults_twisting_passages, ontoclasm_vaults_pinch,
          vaults_dpeg_cross, hangedman_vaults_stretched_pinwheel, st_lattice,
          serial_shops, shop
Vaults:5: uniq_frederick, uniq_mennas
Depths:1: fountainhead, pf_hell_entry_tar_river, abyss_entry_glasseish,
          lemuel_statue_altar
Depths:2: cheibrodos_spurs, serial_sigils_hangedman_gut, hell_entry,
          grunt_pan_entry_zigzag
Depths:3: hangedman_screamer, enter_ziggurat_b, grunt_pan_entry_spiral,
          abyss_entry, grunt_metal_band, kennysheep_nondescript,
          hangedman_research_convocations, infiniplex_staircase_hallway_doors
Depths:4: dpeg_oklob_gauntlet, rand_demon_pan_entry_9,
          hangedman_abyss_or_decor_stabs, marbit_kobold_abyss_entry,
          pf_coc_iceberg, kennysheep_small_circle,
          infiniplex_staircase_door_maze, serial_bayou_shore_a, uniq_margery
Depths:5: evilmike_zot_entry_argh, serial_bayou_ford_a, hell_entry,
          uniq_jorgrun, uniq_enchantress, uniq_sojobo
Zot:4:    guppyfry_library_mini
Zot:5:    st_stairs_4

Action                   |  1- 3 |  4- 6 |  7- 9 | 10-12 | 13-15 | 16-18 | 19-21 | 22-24 | 25-27 || total
-------------------------+-------+-------+-------+-------+-------+-------+-------+-------+-------++-------
Melee: Hand axe          |   148 |    96 |    65 |       |       |       |       |       |       ||   309
       War axe           |       |       |   286 |    99 |       |       |       |       |       ||   385
       Broad axe         |       |       |       |   173 |       |       |       |       |       ||   173
       Battleaxe         |       |       |       |   309 |  1096 |  1354 |  1415 |  1582 |   634 ||  6390
       Executioner's axe |       |       |       |       |   250 |       |       |       |       ||   250
Throw: Tomahawk          |       |    25 |   114 |   232 |   242 |       |       |       |       ||   613
       Javelin           |       |       |       |       |    44 |    58 |   223 |       |       ||   325
Invok: Berserk           |     3 |     2 |     7 |    17 |    19 |    19 |    13 |    19 |     6 ||   105
       Trog's Hand       |       |     3 |       |       |     2 |    14 |    13 |    22 |     2 ||    56
       Burn Spellbooks   |       |       |       |     2 |     5 |     1 |     5 |    12 |     1 ||    26
       Brothers in Arms  |       |       |       |     5 |    10 |    12 |    17 |     9 |    10 ||    63
 Abil: Fly               |       |       |       |       |     1 |     2 |       |       |       ||     3
  Use: Scroll            |     9 |       |     9 |    15 |    17 |     6 |     9 |     4 |    12 ||    81
       Potion            |     3 |       |       |     4 |     2 |     3 |     1 |     1 |     2 ||    16
 Stab: Invisible         |       |       |       |     3 |       |       |       |       |       ||     3
       Distracted        |       |       |       |       |     4 |       |     1 |     2 |       ||     7
       Confused          |       |       |       |       |     3 |       |     1 |     4 |       ||     8
  Eat: Beef jerky        |     1 |       |       |     2 |       |     8 |     3 |     1 |       ||    15
       Chunk             |     3 |     5 |     7 |    25 |    52 |    21 |    22 |    18 |     3 ||   156
       Pizza             |     1 |       |     1 |     7 |       |     2 |     3 |     1 |       ||    15
       Fruit             |       |       |     3 |     6 |    22 |       |       |     9 |     3 ||    43
       Bread ration      |       |       |     2 |       |       |       |     4 |     3 |     5 ||    14
       Meat ration       |       |       |       |       |       |     2 |       |     1 |       ||     3
       Royal jelly       |       |       |       |       |       |     1 |       |     3 |       ||     4
